Workbook
Name \a: #REF!
Name \a: #REF!
Name \s: #REF!
Name \s: #REF!
Name \X: #N/A
Name \Z: #N/A
Name _________AFC1: [1]INV!$A$25:$D$28
Name _________AFC3: [1]INV!$F$25:$I$28
Name _________AFC5: [1]INV!$K$25:$N$28
Name _________BGC1: [1]INV!$A$5:$D$8
Name _________BGC3: [1]INV!$F$5:$I$8
Name _________BGC5: [1]INV!$K$5:$N$8
Name _________CAC1: [1]INV!$A$19:$D$22
Name _________CAC3: [1]INV!$F$19:$I$22
Name _________CAC5: [1]INV!$K$19:$N$22
Name _________PJ50: #REF!
Name _________PJ50: #REF!
Name _________SBC1: [1]INV!$A$12:$D$15
Name _________SBC3: [1]INV!$F$12:$I$15
Name _________SBC5: [1]INV!$K$12:$N$15
Name ________AFC1: [1]INV!$A$25:$D$28
Name ________AFC3: [1]INV!$F$25:$I$28
Name ________AFC5: [1]INV!$K$25:$N$28
Name ________BGC1: [1]INV!$A$5:$D$8
Name ________BGC3: [1]INV!$F$5:$I$8
Name ________BGC5: [1]INV!$K$5:$N$8
Name ________CAC1: [1]INV!$A$19:$D$22
Name ________CAC3: [1]INV!$F$19:$I$22
Name ________CAC5: [1]INV!$K$19:$N$22
Name ________MA2: #REF!
Name ________MA2: #REF!
Name ________PJ50: #REF!
Name ________PJ50: #REF!
Name ________SBC1: [1]INV!$A$12:$D$15
Name ________SBC3: [1]INV!$F$12:$I$15
Name ________SBC5: [1]INV!$K$12:$N$15
Name _______AFC1: [1]INV!$A$25:$D$28
Name _______AFC3: [1]INV!$F$25:$I$28
Name _______AFC5: [1]INV!$K$25:$N$28
Name _______BGC1: [1]INV!$A$5:$D$8
Name _______BGC3: [1]INV!$F$5:$I$8
Name _______BGC5: [1]INV!$K$5:$N$8
Name _______CAC1: [1]INV!$A$19:$D$22
Name _______CAC3: [1]INV!$F$19:$I$22
Name _______CAC5: [1]INV!$K$19:$N$22
Name _______MA2: #REF!
Name _______MA2: #REF!
Name _______PJ50: #REF!
Name _______PJ50: #REF!
Name _______SBC1: [1]INV!$A$12:$D$15
Name _______SBC3: [1]INV!$F$12:$I$15
Name _______SBC5: [1]INV!$K$12:$N$15
Name ______AFC1: [1]INV!$A$25:$D$28
Name ______AFC3: [1]INV!$F$25:$I$28
Name ______AFC5: [1]INV!$K$25:$N$28
Name ______BGC1: [1]INV!$A$5:$D$8
Name ______BGC3: [1]INV!$F$5:$I$8
Name ______BGC5: [1]INV!$K$5:$N$8
Name ______CAC1: [1]INV!$A$19:$D$22
Name ______CAC3: [1]INV!$F$19:$I$22

Sheet PORTADA
C1: MINISTERIO DE TRANSPORTE
A3: INSTITUTO NACIONAL DE VIAS
A4: SUBDIRECCION RED NACIONAL DE CARRETERAS
A14: INFORME TRIMESTRAL
A15: DEL ADMINISTRADOR VIAL GRUPO No.__02_____
A16: VERSIÓN No. _01__ DE FECHA: 01/10/2020
A17: ARA INGENIERIA S.A.S
A18: TERRITORIAL ANTIOQUIA
A22: CARRETERAS:
A23: TRAMO 5601
A24: PR49+0000 AL PR103+0000
A33: TRIMESTRE: (JULIO - SEPTIEMPRE / 2020)
A35: LA UNION, OCTUBRE, 2020
A42: “La movilidad es de todos”

Sheet TABLA DE CONTENIDO
A1: INSTITUTO NACIONAL DE VIAS
A2: INFORME TRIMESTRAL PERIODO JULIO - SEPTIEMBRE de 2020
A3: ADMINISTRACION VIAL GRUPO _02__ TERRITORIAL __ANTIOQUIA___________
A5: TABLA DE CONTENIDO
A7: ITEM | B7: DESCRIPCION
A9: Cuadro No. 1 | B9: Generalidades
A10: Cuadro No. 2 | B10: Cumplimiento indicadores de mantenimiento rutinario
A11: Cuadro No. 3 | B11: Relación estado de la red criterio de transitabilidad (visual)
A12: Gráfico No. 1 | B12: Estado de la red criterio de transitabilidad - visual (Semáforo)
A13: Gráfico No. 2 | B13: Estado de la red en torta-criterio de transitabilidad (visual)
A14: Cuadro No. 4 | B14: Relación estado de la red criterio Técnico
A15: Gráfico No. 3 | B15: Estado de la red criterio Técnico
A16: Gráfico No. 4 | B16: Estado de la red en torta criterio Técnico
A17: Mapa No. 1 | B17: Estado de la red y sitios críticos de inestabilidad
A18: Cuadro No. 5 | B18: Necesidades preventivas de las vías
A19: Cuadro No. 6 | B19: Necesidades críticas de las vías
... A41: Capacitación Microempresas | B41: Capacitación Microempresas

Sheet GENERALIDADES 
B1: INSTITUTO NACIONAL DE VIAS
B2: DIRECCION TERRITORIAL ANTIOQUIA
B4: CUADRO No. 1
B6: GENERALIDADES
B8: NOMBRE DEL INGENIERO RESIDENTE: | D8: CARLOS MARIO MORENO IDÁRRAGA
B9: NOMBRE DEL INGENIERO AUXILIAR: | D9: N/A
B10: SECTOR ADMINISTRADO: | D10: LA UNION - LA FRONTERA - SONSÓN, CÓDIGO 5601
B11: DIRECCION OFICINA: | D11: CALLE 7 No 10-46
B12: TELEFONOS : | D12: OFICINA: | F12: (4) 556 22 90 | J12: FAX:
D13: CELULARES: | G13: 311 210 04 53 | J13: CORREO ELECTRONICO: | K13: amvantioquia02@gmail.com
A16: 1 | B16: CARRETERAS A CARGO
B17: CARRETERA | C17: CODIGO | D17: LONGITUD (km) | G17: PRi | H17: PRf | I17: No. DE PUENTES | J17: MICROEMPRESA | K17: OBSERVACIONES
D18: P | E18: A | F18: T
B19: La Unión - Sonsón | C19: 5601 | D19: 53.74 | F19: =+D19+E19 -> 53.74 | G19: 49+0000 | H19: 103+0000 | I19: 8 | J19: VIAS DE ORIENTE S.A.S
B24: TOTALES | D24: =SUM(D19:D23) -> 53.74 | F24: =SUM(F19:F23) -> 53.74 | I24: =SUMA(I19:I23)
C25: P: Pavimento | F25: A: Afirmado | I25: T. Total
K27: VOLVER A TABLA DE CONTENIDO
B29: NOTA: CUALQUIER CAMBIO DE DIRECCION, CORREO ELECTRONICO O TELEFONO SE DEBE INFORMAR

Sheet CUMPLIMIENTO % 
A1: INSTITUTO NACIONAL DE VIAS
A2: DIRECCION TERRITORIAL ANTIOQUIA
A3: CUADRO No. 2
A5: CUMPLIMIENTO INDICADORES DE MANTENIMIENTO RUTINARIO
A7: INGENIERO RESIDENTE: | C7: CARLOS MARIO MORENO IDÁRRAGA | I7: FECHA: JUL - SEP 2020
A9: MICROEMPRESA | C9: MICROEMPRESA | E9: MICROEMPRESA | G9: MICROEMPRESA | I9: MICROEMPRESA
C10: VIAS DE ORIENTE
A11: INDICADOR | C11: % | E11: % | G11: % | I11: %
A12: ROCERIA Y DESM. MANUAL | K12: 100
A13: LIMPIEZA MANUAL CUNETAS | K13: 100
A14: LIMPIEZA ENCOLES Y DESCOLES | K14: 100
A15: LIMPIEZA OBRAS DE ARTE | K15: 100
A16: MANTENIMIENTO PUENTES | K16: 100
A17: LIMPIEZA SEÑALES Y MOJONES | K17: 50
A18: DESPEJE DE DERRUMBES | K18: 100
A19: PINTURA, RENOVACIÓN DE INDICACIONES EN EL MOJON
A20: BACHEO CARRETERA PAV. | K20: 100
A21: PARCHEO CARRETERA PAV. | K21: 100
A22: LIMPIEZA DE LA CALZADA | K22: 100
A23: ARBORIZACION (SIEMBRA)
A24: PODA, CORTE Y RETIRO DE ARBOLES | K24: 100
A25: ATENCION DE EMERGENCIAS | K25: 100
C28: BUENO | E28: REGULAR | G28: MALO | I28: NO HUBO
A29: OBSERVACIONES : LA CANTIDADES DE TRABAJADORES HABILITADOS A TRABAJAR DE ACUERDO AL INVIAS SON 11 POR LA CUARENTENA DEL COVIC-19 , EL DIA 21 DE AGOSTO SE DA AUTORIZACION PARA ENTRAR TODO EL PERSONAL, IGUALMENTE LOS RETRASOS EN EL LOS TRABAJOS SUMADOS A LA EMERGENCIA SE VIO MUY AFECTADA POR LA FALTA DE PERSONAL QUE TUVIMOS INICIALMENTE A COMIENZOS DEL AÑO. SE PRESENTO EMERGENCIA EL 04 JULIO DE 2020. LA MICROEMPRESA ESTA REALIZANDO TRABAJOS ADICIONALES COMO ANILLADAS DE ALCANTARILLAS, SELLAMIENTO DE GRIETAS EN TALUDES EN SITIOS CRITICOS PR59+0260, PR94+0260, TRABAJOS DE MITIGACION DE EROSIONES.
A31: * Indicar nombre de cada microempresa a la que se le aplica el indicador. Resolución N°
A32: En caso de no cumplir totalmente con el indicador, informar la razón. | G32: VOLVER A TABLA DE CONTENIDO
A33: Indicar el Porcentaje de cumplimiento mensual para cada microempresa

Sheet ESTADO RED VIS
A1: INSTITUTO NACIONAL DE VIAS
A2: DIRECCION TERRITORIAL ANTIOQUIA
A4: CUADRO No 3
A6: RELACION ESTADO DE LA RED CRITERIO DE TRANSITABILIDAD (VISUAL)
A8: INGENIERO RESIDENTE: | C8: CARLOS MARIO MORENO IDÁRRAGA | E8: TRIMESTRE EVALUADO: | G8: JUL-SEP 2020
A10: CODIGO VIA | B10: PR INICIAL | C10: PR FINAL | D10: CARRETERA | E10: Kms. | F10: TIPO DE | G10: ESTADO
F11: SUPERFICIE
A13: 5601 | B13: 49000 | C13: 50000 | D13: LA UNIÓN - SONSÓN | E13: =905/1000 -> 0.905 | F13: P | G13: R | H13: =+#REF! -> #REF! | I13: 5601
I14: BUENO | J14: =+SUMIF(G$15,"B",E$15)+SUMIF(G$19,"B",E$19)+SUMIF(G$35,"B",E$35) -> 33.586
A15: 5601 | B15: =C13 -> 50000 | C15: 68613 | D15: LA UNIÓN - SONSÓN | E15: =(18863-211)/1000 -> 18.652 | F15: P | G15: B | H15: =+SUM(C37:C49)+0.5 -> 0.5 | I15: REGULAR | J15: =+SUMIF(G$23,"R",E$23)+SUMIF(G$27,"R",E$27)+SUMIF(G$31,"R",E$31)+SUMIF(G$13,"R",E$13)+SUMIF(G$25,"R",E$25)+SUMIF(G$33,"R",E$33) -> 9.683
I16: MALO | J16: =+SUMIF(G$13,"M",E$13)+SUMIF(G$17,"M",E$17)+SUMIF(G$21,"M",E$21)+SUMIF(G$25,"M",E$25)+SUMIF(G$29,"M",E$29)+SUMIF(G$33,"M",E$33) -> 10.471
A17: 5601 | B17: =C15 -> 68613 | C17: 71323 | D17: LA UNIÓN - SONSÓN | E17: =(2698)/1000 -> 2.698 | F17: P | G17: M | H17: =+SUM(C49:C50)-0.5+0.323 -> -0.177 | I17: TOTAL | J17: =SUM(J14:J16) -> 53.74
A19: 5601 | B19: =C17 -> 71323 | C19: 85160 | D19: LA UNIÓN - SONSÓN | E19: =+(13545+160)/1000 -> 13.705 | F19: P | G19: B | H19: =+SUM(C51:C64)-0.323+0.13 -> -0.193
A21: 5601 | B21: =C19 -> 85160 | C21: 87000 | D21: LA UNIÓN - SONSÓN | E21: =+(1977-160)/1000 -> 1.817 | F21: P | G21: M | H21: =+SUM(C65)-0.13+0.22 -> 0.09
A23: 5601 | B23: =C21 -> 87000 | C23: 88000 | D23: LA UNIÓN - SONSÓN | E23: =+(980)/1000 -> 0.98 | F23: P | G23: R | H23: =+SUM(C66)-0.22+0.16 -> -0.06
A25: 5601 | B25: 88000 | C25: 90000 | D25: LA UNIÓN - SONSÓN | E25: =+(1982)/1000 -> 1.982 | F25: P | G25: M
A27: 5601 | B27: =+C25 -> 90000 | C27: 91000 | D27: LA UNIÓN - SONSÓN | E27: =+(994)/1000 -> 0.994 | F27: P | G27: R
A29: 5601 | B29: =+C27 -> 91000 | C29: 95000 | D29: LA UNIÓN - SONSÓN | E29: =(3974)/1000 -> 3.974 | F29: P | G29: M
A31: 5601 | B31: =+C29 -> 95000 | C31: 98000 | D31: LA UNIÓN - SONSÓN | E31: =(2935)/1000 -> 2.935 | F31: P | G31: R
A33: 5601 | B33: =C31 -> 98000 | C33: 101900 | D33: LA UNIÓN - SONSÓN | E33: =(3875-6)/1000 -> 3.869 | F33: P | G33: R
A35: 5601 | B35: =C33 -> 101900 | C35: 103000 | D35: LA UNIÓN - SONSÓN | E35: =(2446+6-1135-88)/1000 -> 1.229 | F35: P | G35: B
E36: =SUM(E13:E35) -> 53.74
A38: Nota: La información contenida es un ejemplo sobre la forma de diligenciar este cuadro.Debe presentarse a color.
E41: CONVENCIONES
E42: B | F42: BUENO
E43: R | F43: REGULAR
E44: M | F44: MALO
E46: VOLVER A TABLA DE CONTENIDO

Sheet SEMAFORO VIS
A1: INSTITUTO NACIONAL DE VÍAS
A2: DIRECCIÓN TERRITORIAL ANTIOQUIA
A3: GRAFICO No. 1
A4: ESTADO DE LAS VÍAS CRITERIO DE TRANSITABILIDAD (VISUAL)
A7: NOMBRE DE LA VIA: | B7: LA UNION - LA FRONTERA - SONSÓN | BB7: Codigo de la vía: | BG7: 5601
A9: SECTOR | B9: 01 | I9: LA UNIÓN - LA FRONTERA | BF9: PR49+0000 A PR67+0700
B10: 02 | I10: LA FRONTERA - SONSÓN | BF10: PR67+0700 A PR103+0000
A12: INGENIERO RESIDENTE: | B12: CARLOS MARIO MORENO IDARRAGA | AV12: PERÍODO EVALUADO: | BG12: =+'ESTADO RED VIS'!G8 -> JUL-SEP 2020
A40: CÓDIGO | B40: SECTOR | BE40: Longitud y Porcentaje
B41: 5601 | BE41: sobre el total de la vía
A42: PR | B42: 49 | M42: 60 | W42: 70 | AG42: 80 | AQ42: 90 | AX42: 100 | BA42: 103 | BE42: o del ítem
A43: ÍTEM | F43: 49 | AH43: 55 | AI43: 60 | AJ43: 65 | AX43: 70 | AY43: 75 | AZ43: 80 | BD43: 103 | BE43: B | BG43: R | BI43: M
BE44: km | BF44: % | BG44: km | BH44: % | BI44: km | BJ44: %
A45: Pavimento | C45: B | BC45: B
B46: r | C46: B | D46: b | E46: b | F46: B | G46: B | H46: B | I46: B | J46: B | K46: B | L46: B | M46: B | N46: B | O46: B | P46: B | Q46: B | R46: B | S46: B | T46: B | U46: B | V46: M | W46: M | X46: M | Y46: B | Z46: b | AA46: B | AB46: B | AC46: B | AD46: B | AE46: B | AF46: B | AG46: B | AH46: B | AI46: B | AJ46: B | AK46: B | AL46: M | AM46: m | AN46: r | AO46: m | AP46: m | AQ46: r | AR46: m | AS46: m | AT46: m | AU46: m | AV46: r | AW46: R | AX46: R | AY46: r | AZ46: r | BA46: r | BB46: r | BC46: B | BE46: =+'ESTADO RED VIS'!J14 -> 33.586 | BF46: =+BE46/53.74 -> 0.62497209 | BG46: =+'ESTADO RED VIS'!J15 -> 9.683 | BH46: =+BG46/53.74 -> 0.18018236 | BI46: =+'ESTADO RED VIS'!J16 -> 10.471 | BJ46: =+BI46/53.74 -> 0.19484555 | BM46: =+BJ46+BH46+BF46 -> 1
A47: Afirmado
B48: NO APLICA | BE48: =(COUNTIF($B$48:$BC$48,"B")) -> 0 | BF48: =+BE48/54 -> 0 | BG48: =(COUNTIF($B$48:$BC$48,"R")) -> 0 | BH48: =+BG48/54 -> 0 | BI48: =(COUNTIF($B$48:$BC$48,"M")) -> 0 | BJ48: =+BI48/54 -> 0 | BM48: =+BJ48+BH48+BF48 -> 0
A49: Puentes (Son: 8 )
J50: B | N50: B | U50: B | Y50: B | AI50: B | AJ50: M | AM50: B | AT50: B | BE50: =(COUNTIF($B$50:$BC$50,"B")) -> 7 | BF50: =+BE50/8 -> 0.875 | BG50: =(COUNTIF($B$50:$BC$50,"R")) -> 0 | BH50: =+BG50/8 -> 0 | BI50: =(COUNTIF($B$50:$BC$50,"M")) -> 1 | BJ50: =+BI50/8 -> 0.125 | BM50: =+BJ50+BH50+BF50 -> 1
A51: Cunetas
B52: b | C52: b | D52: b | E52: b | F52: r | G52: b | H52: b | I52: r | J52: r | K52: b | L52: b | M52: r | N52: b | O52: b | P52: b | Q52: b | R52: b | S52: b | T52: b | U52: r | V52: r | W52: r | X52: b | Y52: b | Z52: b | AA52: b | AB52: b | AC52: b | AD52: b | AE52: b | AF52: b | AG52: b | AH52: b | AI52: b | AJ52: b | AK52: b | AL52: r | AM52: r | AN52: r | AO52: B | AP52: r | AQ52: r | AR52: r | AS52: b | AT52: b | AU52: r | AV52: m | AW52: m | AX52: m | AY52: m | AZ52: m | BA52: m | BB52: m | BC52: b | BE52: =(COUNTIF($B$52:$BC$52,"B")) -> 33 | BF52: =+BE52/54 -> 0.61111111 | BG52: =(COUNTIF($B$52:$BC$52,"R")) -> 14 | BH52: =+BG52/54 -> 0.25925926 | BI52: =(COUNTIF($B$52:$BC$52,"M")) -> 7 | BJ52: =+BI52/54 -> 0.12962963 | BM52: =+BJ52+BH52+BF52 -> 1
A53: Señalización Vertical
B54: R | C54: M | D54: B | E54: B | F54: R | G54: R | H54: R | I54: R | J54: R | K54: M | L54: R | M54: R | N54: R | O54: R | P54: R | Q54: R | R54: R | S54: R | T54: R | U54: R | V54: M | W54: R | X54: M | Y54: R | Z54: R | AA54: R | AB54: R | AC54: R | AD54: R | AE54: R | AF54: R | AG54: R | AH54: R | AI54: R | AJ54: R | AK54: R | AL54: R | AM54: R | AN54: R | AO54: R | AP54: R | AQ54: R | AR54: R | AS54: R | AT54: R | AU54: R | AV54: R | AW54: R | AX54: R | AY54: R | AZ54: R | BA54: R | BB54: R | BC54: R | BE54: =(COUNTIF($B$54:$BC$54,"B")) -> 2 | BF54: =+BE54/54 -> 0.037037037 | BG54: =(COUNTIF($B$54:$BC$54,"R")) -> 48 | BH54: =+BG54/54 -> 0.88888889 | BI54: =(COUNTIF($B$54:$BC$54,"M")) -> 4 | BJ54: =+BI54/54 -> 0.074074074 | BM54: =+BJ54+BH54+BF54 -> 1
A55: Señalización horizontal
B56: M | C56: M | D56: M | E56: M | F56: M | G56: M | H56: M | I56: M | J56: M | K56: M | L56: M | M56: M | N56: M | O56: M | P56: M | Q56: M | R56: M | S56: M | T56: M | U56: M | V56: M | W56: M | X56: M | Y56: M | Z56: M | AA56: M | AB56: M | AC56: M | AD56: M | AE56: M | AF56: M | AG56: M | AH56: M | AI56: M | AJ56: M | AK56: M | AL56: M | AM56: M | AN56: M | AO56: M | AP56: M | AQ56: M | AR56: M | AS56: M | AT56: M | AU56: M | AV56: M | AW56: M | AX56: M | AY56: M | AZ56: M | BA56: M | BB56: M | BC56: B | BE56: =(COUNTIF($B$56:$BC$56,"B")) -> 1 | BF56: =+BE56/54 -> 0.018518519 | BG56: =(COUNTIF($B$56:$BC$56,"R")) -> 0 | BH56: =+BG56/54 -> 0 | BI56: =(COUNTIF($B$56:$BC$56,"M")) -> 53 | BJ56: =+BI56/54 -> 0.98148148 | BM56: =+BJ56+BH56+BF56 -> 1
A57: Rocería
B58: B | C58: B | D58: B | E58: B | F58: B | G58: B | H58: B | I58: B | J58: B | K58: B | L58: B | M58: B | N58: B | O58: B | P58: B | Q58: B | R58: B | S58: B | T58: B | U58: B | V58: B | W58: B | X58: B | Y58: B | Z58: B | AA58: B | AB58: B | AC58: B | AD58: B | AE58: B | AF58: B | AG58: B | AH58: B | AI58: B | AJ58: B | AK58: B | AL58: B | AM58: B | AN58: B | AO58: B | AP58: B | AQ58: B | AR58: B | AS58: B | AT58: B | AU58: B | AV58: B | AW58: B | AX58: B | AY58: B | AZ58: B | BA58: B | BB58: B | BC58: B | BE58: =(COUNTIF($B$58:$BC$58,"B")) -> 54 | BF58: =+BE58/54 -> 1 | BG58: =(COUNTIF($B$58:$BC$58,"R")) -> 0 | BH58: =+BG58/54 -> 0 | BI58: =(COUNTIF($B$58:$BC$58,"M")) -> 0 | BJ58: =+BI58/54 -> 0 | BM58: =+BJ58+BH58+BF58 -> 1
A59: Alcantarillas
B60: b | C60: b | D60: R | E60: R | F60: R | G60: R | H60: R | I60: R | J60: R | K60: B | L60: R | M60: R | N60: R | O60: R | P60: R | Q60: R | R60: R | S60: B | T60: B | U60: R | V60: R | W60: R | X60: B | Y60: B | Z60: B | AA60: B | AB60: B | AC60: B | AD60: B | AE60: B | AF60: B | AG60: B | AH60: B | AI60: B | AJ60: B | AK60: B | AL60: R | AM60: R | AN60: R | AO60: R | AP60: R | AQ60: R | AR60: R | AS60: R | AT60: R | AU60: R | AV60: R | AW60: R | AX60: R | AY60: R | AZ60: B | BA60: R | BB60: B | BC60: B | BE60: =(COUNTIF($B$60:$BC$60,"B")) -> 22 | BF60: =+BE60/54 -> 0.40740741 | BG60: =(COUNTIF($B$60:$BC$60,"R")) -> 32 | BH60: =+BG60/54 -> 0.59259259 | BI60: =(COUNTIF($B$60:$BC$60,"M")) -> 0 | BJ60: =+BI60/54 -> 0 | BM60: =+BJ60+BH60+BF60 -> 1
A61: Limpiezas de bermas
B62: B | C62: B | D62: B | E62: B | F62: B | G62: B | H62: B | I62: B | J62: B | K62: B | L62: B | M62: B | N62: B | O62: B | P62: B | Q62: B | R62: B | S62: B | T62: B | U62: B | V62: B | W62: B | X62: B | Y62: B | Z62: B | AA62: B | AB62: B | AC62: B | AD62: B | AE62: B | AF62: B | AG62: B | AH62: B | AI62: B | AJ62: B | AK62: B | AL62: B | AM62: B | AN62: B | AO62: B | AP62: B | AQ62: B | AR62: B | AS62: B | AT62: B | AU62: B | AV62: B | AW62: B | AX62: B | AY62: B | AZ62: B | BA62: B | BB62: B | BC62: B | BE62: =(COUNTIF($B$62:$BC$62,"B")) -> 54 | BF62: =+BE62/54 -> 1 | BG62: =(COUNTIF($B$62:$BC$62,"R")) -> 0 | BH62: =+BG62/54 -> 0 | BI62: =(COUNTIF($B$62:$BC$62,"M")) -> 0 | BJ62: =+BI62/54 -> 0 | BM62: =+BJ62+BH62+BF62 -> 1
A64: NOTA: Indicar en el mapa los PRs de cada uno de los sitios importantes | BE64: VOLVER A TABLA DE CONTENIDO

Sheet TORTA EST. VIAS VIS
A1: INSTITUTO NACIONAL DE VIAS
A2: DIRECCION TERRITORIAL ANTIOQUIA
A4: GRAFICO No. 2
A6: ESTADO DE LAS VIAS EN TORTA-CRITERIO DE TRANSITABILIDAD (VISUAL)
A8: INGENIERO RESIDENTE: | B8: CARLOS MARIO MORENO IDÁRRAGA
A10: TRIMESTRE EVALUADO: | B10: JULIO - SEPTIEMBRE 2020
A13: CARRETERA | B13: TRIMESTRE ANTERIOR | C13: TRIMESTRE EVALUADO
G16: %
E17: BUENO | F17: =+'ESTADO RED VIS'!J14 -> 33.586 | G17: =+F17/$F$20 -> 0.62497209
A18: TRAMO | E18: REGULAR | F18: =+'ESTADO RED VIS'!J15 -> 9.683 | G18: =+F18/$F$20 -> 0.18018236
A19: 5601 | E19: MALO | F19: =+'ESTADO RED VIS'!J16 -> 10.471 | G19: =+F19/$F$20 -> 0.19484555
A20: LA UNION-LA FRONTERA-SONSON | E20: TOTAL | F20: =SUM(F17:F19) -> 53.74 | G20: =SUM(G17:G19) -> 1
A47: CONVENCIONES
A48: BUENO
A49: REGULAR
A50: MALO | C50: VOLVER A TABLA DE CONTENIDO

Sheet ESTADO RED TEC
A1: INSTITUTO NACIONAL DE VIAS
A2: DIRECCION TERRITORIAL ANTIOQUIA
A4: CUADRO No 4
A6: RELACION ESTADO DE LA RED CRITERIO TECNICO
A8: INGENIERO RESIDENTE: | C8: CARLOS MARIO MORENO IDÁRRAGA | E8: PERIODO EVALUADO: | G8: ENERO-JUNIO/2020
A10: CODIGO VIA | B10: PR INICIAL | C10: PR FINAL | D10: CARRETERA | E10: Kms. | F10: TIPO DE | G10: ESTADO
F11: SUPERFICIE | J11: 5601
A12: 5601 | B12: 49+0000 | C12: 49+0885 | D12: La Unión - Sonsón | E12: 0.885 | F12: P-1 | G12: R | J12: MB | K12: =+SUMIF(G$12:G$76,"MB",E$12:E$76) -> 0
A13: =+A12 -> 5601 | B13: =+C12 -> 49+0885 | C13: 50+0040 | D13: La Unión - Sonsón | E13: 0.02 | F13: P-6 | G13: R | J13: B | K13: =+SUMIF(G$12:G$76,"B",E$12:E$76) -> 4.17
A14: =+A13 -> 5601 | B14: =+C12 -> 49+0885 | C14: =+C13 -> 50+0040 | D14: La Unión - Sonsón | E14: 0.04 | F14: P-6 | G14: M | J14: R | K14: =+SUMIF(G$12:G$76,"R",E$12:E$76) -> 30.894
A15: =+A14 -> 5601 | B15: =+C14 -> 50+0040 | C15: 50+0240 | D15: La Unión - Sonsón | E15: 0.2 | F15: P-6 | G15: M | J15: M | K15: =+SUMIF(G$12:G$76,"M",E$12:E$76) -> 19.854
A16: =+A15 -> 5601 | B16: =+C14 -> 50+0040 | C16: 50+0240 | D16: La Unión - Sonsón | E16: 0.2 | F16: P-6 | G16: M | J16: MM | K16: =+SUMIF(G$12:G$76,"MM",E$12:E$76) -> 0
A17: =+A16 -> 5601 | B17: =+C16 -> 50+0240 | C17: 51+0000 | D17: La Unión - Sonsón | E17: 0.76 | F17: P-6 | G17: R | J17: TOTAL | K17: =SUM(K12:K16) -> 54.918
A18: =+A17 -> 5601 | B18: =+C17 -> 51+0000 | C18: 52+0000 | D18: La Unión - Sonsón | E18: 1 | F18: P-6 | G18: R
A19: =+A18 -> 5601 | B19: =+C18 -> 52+0000 | C19: 53+0000 | D19: La Unión - Sonsón | E19: 0.996 | F19: P-6 | G19: R
A20: =+A19 -> 5601 | B20: =+C19 -> 53+0000 | C20: 54+0000 | D20: La Unión - Sonsón | E20: 1.002 | F20: P-6 | G20: R
A21: =+A20 -> 5601 | B21: =+C20 -> 54+0000 | C21: 55+0000 | D21: La Unión - Sonsón | E21: 1.002 | F21: P-6 | G21: B
A22: =+A21 -> 5601 | B22: =+C21 -> 55+0000 | C22: 56+0000 | D22: La Unión - Sonsón | E22: 0.999 | F22: P-6 | G22: B
A23: =+A22 -> 5601 | B23: =+C22 -> 56+0000 | C23: 57+0000 | D23: La Unión - Sonsón | E23: 1.002 | F23: P-6 | G23: R
A24: =+A23 -> 5601 | B24: =+C23 -> 57+0000 | C24: 58+0000 | D24: La Unión - Sonsón | E24: 0.976 | F24: P-6 | G24: R
A25: =+A24 -> 5601 | B25: =+C24 -> 58+0000 | C25: 59+0000 | D25: La Unión - Sonsón | E25: 0.956 | F25: P-6 | G25: R
A26: =+A25 -> 5601 | B26: =+C25 -> 59+0000 | C26: 60+0000 | D26: La Unión - Sonsón | E26: 1.043 | F26: P-6 | G26: R
A27: =+A26 -> 5601 | B27: =+C26 -> 60+0000 | C27: 61+0000 | D27: La Unión - Sonsón | E27: 1.006 | F27: P-6 | G27: R
A28: =+A27 -> 5601 | B28: =+C27 -> 61+0000 | C28: 62+0000 | D28: La Unión - Sonsón | E28: 1.012 | F28: P-6 | G28: R
A29: =+A28 -> 5601 | B29: =+C28 -> 62+0000 | C29: 63+0000 | D29: La Unión - Sonsón | E29: 1.007 | F29: P-6 | G29: R
... A76: =+A75 -> 5601 | B76: =+C75 -> 102+0950 | C76: 103+0000 | D76: La Unión - Sonsón | E76: 0.185 | F76: P-1 | G76: B
E77: =SUM(E12:E76) -> 54.918
E82: CONVENCIONES
E83: MB | F83: MUY BUENO
E84: B | F84: BUENO
E85: R | F85: REGULAR
E86: M | F86: MALO
E87: MM | F87: MUY MALO | G87: VOLVER A TABLA DE CONTENIDO

Sheet SEMAFORO TEC
A1: INSTITUTO NACIONAL DE VÍAS
A2: DIRECCIÓN TERRITORIAL ANTIOQUIA
A3: GRAFICO No. 3
A4: ESTADO DE LA RED CRITERIO TÉCNICO
A6: NOMBRE DE LA VÍA: | B6: LA UNIÓN - LA FRONTERA - SONSÓN | BD6: Código de la vía: | BH6: 5601
A8: SECTOR | B8: LA UNIÓN - SONSÓN | BD8: PR 49+0000 A PR 103+0000
A10: INGENIERO RESIDENTE: | G10: CARLOS MARIO MORENO I. | BD10: PERIODO EVALUADO: | BI10: ENERO - JUNIO / 2020
A39: CÓDIGO | BF39: Longitud y Porcentaje
B40: SECTOR | BF40: sobre el total de la vía
A41: PR | B41: 5601 | BF41: o del ítem
A42: ÍTEM | B42: 49 | M42: 60 | W42: 70 | AG42: 80 | AQ42: 90 | AX42: 100 | BA42: 103 | BD42: MB | BF42: B | BH42: R | BJ42: M | BL42: MM
F43: 49 | AH43: 55 | AI43: 60 | AJ43: 65 | AX43: 70 | AY43: 75 | AZ43: 80 | BD43: km | BE43: % | BF43: km | BG43: % | BH43: km | BI43: % | BJ43: km | BK43: % | BL43: km | BM43: %
A44: Pavimento | C44: R | BC44: B
B45: R | C45: R | D45: M | E45: R | F45: R | G45: B | H45: B | I45: R | J45: R | K45: R | L45: R | M45: R | N45: R | O45: R | P45: R | Q45: R | R45: R | S45: R | T45: R | U45: M | V45: M | W45: M | X45: M | Y45: R | Z45: R | AA45: R | AB45: R | AC45: R | AD45: R | AE45: R | AF45: R | AG45: R | AH45: R | AI45: R | AJ45: R | AK45: R | AL45: M | AM45: M | AN45: M | AO45: M | AP45: M | AQ45: M | AR45: M | AS45: M | AT45: M | AU45: M | AV45: M | AW45: M | AX45: M | AY45: M | AZ45: M | BA45: M | BB45: M | BC45: B | BD45: =+'ESTADO RED TEC'!K12 -> 0 | BE45: =+BD45/+'ESTADO RED TEC'!K17 -> 0 | BF45: =+'ESTADO RED TEC'!K13 -> 4.17 | BG45: =+BF45/'ESTADO RED TEC'!K17 -> 0.075931389 | BH45: =+'ESTADO RED TEC'!K14 -> 30.894 | BI45: =+BH45/'ESTADO RED TEC'!K17 -> 0.5625478 | BJ45: =+'ESTADO RED TEC'!K15 -> 19.854 | BK45: =+BJ45/'ESTADO RED TEC'!K17 -> 0.36152081 | BL45: =+'ESTADO RED TEC'!K16 -> 0 | BM45: =+BL45/'ESTADO RED TEC'!K17 -> 0 | BN45: =+BE45+BG45+BI45+BK45+BM45 -> 1
A46: Afirmado
B47: NO APLICA | BD47: =(COUNTIF($B$47:$BC$47,"MB")) -> 0 | BE47: =+BD47/8 -> 0 | BF47: =(COUNTIF($B$47:$BC$47,"B")) -> 0 | BG47: =+BF47/54 -> 0 | BH47: =(COUNTIF($B$47:$BC$47,"R")) -> 0 | BI47: =+BH47/54 -> 0 | BJ47: =(COUNTIF($B$47:$BC$47,"M")) -> 0 | BK47: =+BJ47/54 -> 0 | BL47: =(COUNTIF($B$47:$BC$47,"MM")) -> 0 | BM47: =+BL47/54 -> 0 | BN47: =+BE47+BG47+BI47+BK47+BM47 -> 0
A48: Puentes (Son: 8 )
J49: B | N49: B | U49: B | Y49: B | AI49: B | AJ49: M | AM49: B | AT49: B | BD49: =(COUNTIF($B$49:$BC$49,"MB")) -> 0 | BE49: =+BD49/8 -> 0 | BF49: =(COUNTIF($B$49:$BC$49,"B")) -> 7 | BG49: =+BF49/8 -> 0.875 | BH49: =(COUNTIF($B$49:$BC$49,"R")) -> 0 | BI49: =+BH49/8 -> 0 | BJ49: =(COUNTIF($B$49:$BC$49,"M")) -> 1 | BK49: =+BJ49/8 -> 0.125 | BL49: =(COUNTIF($B$49:$BC$49,"MM")) -> 0 | BM49: =+BL49/54 -> 0 | BN49: =+BE49+BG49+BI49+BK49+BM49 -> 1
A50: Cunetas
B51: b | C51: b | D51: b | E51: b | F51: r | G51: b | H51: b | I51: r | J51: r | K51: b | L51: b | M51: r | N51: b | O51: b | P51: b | Q51: b | R51: b | S51: b | T51: b | U51: r | V51: r | W51: r | X51: b | Y51: b | Z51: b | AA51: b | AB51: b | AC51: b | AD51: b | AE51: b | AF51: b | AG51: b | AH51: b | AI51: b | AJ51: b | AK51: b | AL51: r | AM51: r | AN51: r | AO51: m | AP51: r | AQ51: r | AR51: r | AS51: b | AT51: b | AU51: r | AV51: m | AW51: m | AX51: m | AY51: m | AZ51: m | BA51: m | BB51: m | BC51: b | BD51: =(COUNTIF($B$51:$BC$51,"MB")) -> 0 | BE51: =+BD51/54 -> 0 | BF51: =(COUNTIF($B$51:$BC$51,"B")) -> 32 | BG51: =+BF51/54 -> 0.59259259 | BH51: =(COUNTIF($B$51:$BC$51,"R")) -> 14 | BI51: =+BH51/54 -> 0.25925926 | BJ51: =(COUNTIF($B$51:$BC$51,"M")) -> 8 | BK51: =+BJ51/54 -> 0.14814815 | BL51: =(COUNTIF($B$51:$BC$51,"MM")) -> 0 | BM51: =+BL51/54 -> 0 | BN51: =+BE51+BG51+BI51+BK51+BM51 -> 1
A52: Señalización Vertical
B53: R | C53: M | D53: B | E53: B | F53: R | G53: R | H53: R | I53: R | J53: R | K53: M | L53: R | M53: R | N53: R | O53: R | P53: R | Q53: R | R53: R | S53: R | T53: R | U53: R | V53: M | W53: R | X53: M | Y53: R | Z53: R | AA53: R | AB53: R | AC53: R | AD53: R | AE53: R | AF53: R | AG53: R | AH53: R | AI53: R | AJ53: R | AK53: R | AL53: R | AM53: R | AN53: R | AO53: R | AP53: R | AQ53: R | AR53: R | AS53: R | AT53: R | AU53: R | AV53: R | AW53: R | AX53: R | AY53: R | AZ53: R | BA53: R | BB53: R | BC53: R | BD53: =(COUNTIF($B$53:$BC$53,"MB")) -> 0 | BE53: =+BD53/54 -> 0 | BF53: =(COUNTIF($B$53:$BC$53,"B")) -> 2 | BG53: =+BF53/54 -> 0.037037037 | BH53: =(COUNTIF($B$53:$BC$53,"R")) -> 48 | BI53: =+BH53/54 -> 0.88888889 | BJ53: =(COUNTIF($B$53:$BC$53,"M")) -> 4 | BK53: =+BJ53/54 -> 0.074074074 | BL53: =(COUNTIF($B$53:$BC$53,"MM")) -> 0 | BM53: =+BL53/54 -> 0 | BN53: =+BE53+BG53+BI53+BK53+BM53 -> 1
A54: Señalización horizontal
B55: m | C55: m | D55: m | E55: m | F55: m | G55: m | H55: m | I55: m | J55: m | K55: m | L55: m | M55: m | N55: m | O55: m | P55: m | Q55: m | R55: m | S55: m | T55: m | U55: M | V55: m | W55: m | X55: m | Y55: m | Z55: m | AA55: m | AB55: m | AC55: m | AD55: m | AE55: m | AF55: m | AG55: m | AH55: m | AI55: m | AJ55: m | AK55: m | AL55: m | AM55: m | AN55: m | AO55: m | AP55: m | AQ55: m | AR55: m | AS55: m | AT55: m | AU55: m | AV55: m | AW55: m | AX55: m | AY55: m | AZ55: m | BA55: m | BB55: m | BC55: B | BD55: =(COUNTIF($B$55:$BC$55,"MB")) -> 0 | BE55: =+BD55/54 -> 0 | BF55: =(COUNTIF($B$55:$BC$55,"B")) -> 1 | BG55: =+BF55/54 -> 0.018518519 | BH55: =(COUNTIF($B$55:$BC$55,"R")) -> 0 | BI55: =+BH55/54 -> 0 | BJ55: =(COUNTIF($B$55:$BC$55,"M")) -> 53 | BK55: =+BJ55/54 -> 0.98148148 | BL55: =(COUNTIF($B$55:$BC$55,"MM")) -> 0 | BM55: =+BL55/54 -> 0 | BN55: =+BE55+BG55+BI55+BK55+BM55 -> 1
A56: Rocería
B57: B | C57: B | D57: B | E57: B | F57: B | G57: B | H57: B | I57: B | J57: B | K57: B | L57: B | M57: B | N57: B | O57: B | P57: B | Q57: B | R57: B | S57: B | T57: B | U57: B | V57: B | W57: B | X57: B | Y57: B | Z57: B | AA57: B | AB57: B | AC57: B | AD57: B | AE57: B | AF57: B | AG57: B | AH57: B | AI57: B | AJ57: B | AK57: B | AL57: B | AM57: B | AN57: B | AO57: B | AP57: B | AQ57: B | AR57: B | AS57: B | AT57: B | AU57: B | AV57: B | AW57: B | AX57: B | AY57: B | AZ57: B | BA57: B | BB57: B | BC57: B | BD57: =(COUNTIF($B$57:$BC$57,"MB")) -> 0 | BE57: =+BD57/54 -> 0 | BF57: =(COUNTIF($B$57:$BC$57,"B")) -> 54 | BG57: =+BF57/54 -> 1 | BH57: =(COUNTIF($B$57:$BC$57,"R")) -> 0 | BI57: =+BH57/54 -> 0 | BJ57: =(COUNTIF($B$57:$BC$57,"M")) -> 0 | BK57: =+BJ57/54 -> 0 | BL57: =(COUNTIF($B$57:$BC$57,"MM")) -> 0 | BM57: =+BL57/54 -> 0 | BN57: =+BE57+BG57+BI57+BK57+BM57 -> 1
A58: Alcantarillas
B59: b | C59: b | D59: R | E59: R | F59: R | G59: R | H59: R | I59: R | J59: R | K59: B | L59: R | M59: R | N59: R | O59: R | P59: R | Q59: R | R59: R | S59: B | T59: B | U59: R | V59: R | W59: R | X59: B | Y59: B | Z59: B | AA59: B | AB59: B | AC59: B | AD59: B | AE59: B | AF59: B | AG59: B | AH59: B | AI59: B | AJ59: B | AK59: B | AL59: R | AM59: R | AN59: R | AO59: R | AP59: R | AQ59: R | AR59: R | AS59: R | AT59: R | AU59: R | AV59: R | AW59: R | AX59: R | AY59: R | AZ59: B | BA59: R | BB59: B | BC59: B | BD59: =(COUNTIF($B$59:$BC$59,"MB")) -> 0 | BE59: =+BD59/54 -> 0 | BF59: =(COUNTIF($B$59:$BC$59,"B")) -> 22 | BG59: =+BF59/54 -> 0.40740741 | BH59: =(COUNTIF($B$59:$BC$59,"R")) -> 32 | BI59: =+BH59/54 -> 0.59259259 | BJ59: =(COUNTIF($B$59:$BC$59,"M")) -> 0 | BK59: =+BJ59/54 -> 0 | BL59: =(COUNTIF($B$59:$BC$59,"MM")) -> 0 | BM59: =+BL59/54 -> 0 | BN59: =+BE59+BG59+BI59+BK59+BM59 -> 1
A60: Limpiezas de bermas
BD61: =(COUNTIF($B$61:$BC$61,"MB")) -> 0 | BE61: =+BD61/54 -> 0 | BF61: =(COUNTIF($B$61:$BC$61,"B")) -> 0 | BG61: =+BF61/54 -> 0 | BH61: =(COUNTIF($B$61:$BC$61,"R")) -> 0 | BI61: =+BH61/54 -> 0 | BJ61: =(COUNTIF($B$61:$BC$61,"M")) -> 0 | BK61: =+BJ61/54 -> 0 | BL61: =(COUNTIF($B$61:$BC$61,"MM")) -> 0 | BM61: =+BL61/54 -> 0 | BN61: =+BE61+BG61+BI61+BK61+BM61 -> 0
A63: NOTA: Indicar en el mapa los PRs de cada uno de los sitios importantes
A64: Hacer montaje del mapa de la red vial sobre cartografía o mapas aerofotogramétricos
A65: OBSERVACIONES:
BE67: VOLVER A TABLA DE CONTENIDO

Sheet TORTA EST. VIAS TEC
A1: INSTITUTO NACIONAL DE VIAS
A2: DIRECCION TERRITORIAL ANTIOQUIA
A4: GRAFICO No. 4
A6: ESTADO DE LA RED EN TORTA - CRITERIO TECNICO
A8: INGENIERO RESIDENTE: | B8: CARLOS MARIO MORENO IDARRAGA
A10: PERIODO EVALUADO: | B10: ENERO - JUNIO/2020
A13: CARRETERA | B13: SEMESTRE ANTERIOR | C13: SEMESTRE EVALUADO | G13: SEMESTRE EVALUADO
G15: =+'ESTADO RED TEC'!K12 -> 0 | H15: =+G15/G20 -> 0
G16: =+'ESTADO RED TEC'!K13 -> 4.17 | H16: =+G16/G20 -> 0.075931389
A17: LA UNION - SONSON | G17: =+'ESTADO RED TEC'!K14 -> 30.894 | H17: =+G17/G20 -> 0.5625478
A18: RUTA 5601 | G18: =+'ESTADO RED TEC'!K15 -> 19.854 | H18: =+G18/G20 -> 0.36152081
G19: =+'ESTADO RED TEC'!K16 -> 0 | H19: =+G19/G20 -> 0
G20: =SUM(G15:G19) -> 54.918 | H20: =SUM(H15:H19) -> 1
A26: CONVENCIONES
A27: MUY BUENO
A28: BUENO
A29: REGULAR
A30: MALO
A31: MUY MALO | C31: VOLVER A TABLA DE CONTENIDO

Sheet MAPA EST RED
A1: INSTITUTO NACIONAL DE VÍAS
A2: DIRECCIÓN TERRITORIAL ANTIOQUIA
A6: MAPA No. 1
A7: ESTADO DE LA RED Y SITIOS CRÍTICOS DE INESTABILIDAD
A14: INCLUIR AQUÍ EL MAPA CON EL ESTADO GENERAL DE LA RED VIAL A CARGO (CON COLORES
A15: DEL CRITERIO TÉCNICO) Y LA UBICACIÓN CON PR DE LOS SITIOS CRÍTICOS DE INESTABILIDAD
F36: CONVENCIONES
F37: MB | G37: MUY BUENO
F38: B | G38: BUENO
F39: R | G39: REGULAR
F40: M | G40: MALO
F41: MM | G41: MUY MALO
A42: NOTA: | B42: Ubicar en el mapa municipios, PRs de sitios importantes y lugares donde hay
B43: cambios en el estado de la red y sitios críticos de inestabilidad.
A45: RELACIÓN SITIOS CRÍTICOS DE INESTABILIDAD
A46: No | B46: CÓDIGO VÍA | C46: SECTOR | D46: PR | E46: DESCRIPCIÓN DEL PROBLEMA
A47: 1 | B47: 5601 | C47: ALTO SAN JUAN | D47: 59+0260 | E47: Asentamiento borde de vía que afecta muro de concreto existente, cuneta y placas de pavimento de concreto, calzada en el aire | F47: 18+000
A48: 2 | B48: 5601 | C48: LA FRONTERA | D48: 67+0600 | E48: Erosion de talud inferior, daño severo en filtro, calzada en el aire, costado izquierdo
A49: 3 | B49: 5601 | C49: EL CARDAL | D49: 70+0080 | E49: Socavación y erosión pata del talud inferior. | F49: 19+500
A50: 4 | B50: 5601 | C50: AURES | D50: 80+0460 | E50: Erosión en descole de obra de drenaje, formación de gran cárcava en talud inferior | F50: 24+700
A51: 5 | B51: 5601 | C51: AURES | D51: 81+0820 | E51: Reactivación inestabilidad talud superior, con caídas de suelo e invasión de calzada.
A52: 6 | B52: 5601 | C52: AURES CARTAGENA | D52: 83+0012 | E52: Daño en losa de puente "Cartagena", fisuras en vigas, socavación en estribos y aletas y disipador de energía.
A53: 7 | B53: 5601 | C53: LA MORELIA | D53: 85+0660 | E53: Asentamiento carril derecho. Talud inferior inestable lado derecho. | F53: 61+100 a 61+600
A54: 8 | B54: 5601 | C54: MANANTIALES | D54: 91+0840 - 92+0010 | E54: Deformación de la calzada, deslizamiento lento masivo.
A55: 9 | B55: 5601 | C55: TASAJO | D55: 93+0750 | E55: Desprendimiento del talud inferior, lado izquierdo de la vía por acción erosiva del río "Tasajo". | F55: 18+000
A56: 10 | B56: 5601 | C56: TASAJO | D56: 94+0260 | E56: Fuerte Erosion en descole causado por incremento de caudal de quebrada.
A57: 11 | B57: 5601 | C57: TASAJO | D57: 94+0450 | E57: Carcava descole obra y desconfinamiento de banca.
A58: 12 | B58: 5601 | C58: TASAJO | D58: 94+0820 - 94+0875 | E58: Hundimiento de banca en longitud de 65 metros. Ya es notorio el desnivel tanto a la entrada como a la salida de sector afectado. | F58: 44+500 a 45+500
A59: 13 | B59: 5601 | C59: TASAJO | D59: 95+0390 | E59: Obra de drenaje deteriorada e insuficiente hidráulicamente, se observan cárcavas en terraplén aledaño. | F59: 50+650
A60: 14 | B60: 5601 | C60: TASAJO | D60: 95+0750 - 95+0840 | E60: Hundimiento de banca en longitud de 100 metros. El paso continua estable luego de aplicación en 2013 de capa de renivelación de MSC-1, como medida de mitigación. | F60: 44+500 a 45+500
A61: 15 | B61: 5601 | C61: LA HONDA | D61: 97+0300 | E61: Asentamiento carril derecho. Talud inferior inestable lado derecho. | F61: 61+100 a 61+600
E63: VOLVER A LA TABLA DE CONTENIDO

Sheet NECESIDAD VIA
A1: INSTITUTO NACIONAL DE VIAS
A2: DIRECCION TERRITORIAL ANTIOQUIA
A4: CUADRO No. 5
A6: NECESIDADES PREVENTIVAS DE LA VIA
A7: MANTENIMIENTO PERIODICO
A9: INGENIERO RESIDENTE: | B9: CARLOS MARIO MORENO IDÁRRAGA | F9: TRIMESTRE EVALUADO: JULIO - SEPTIEMBRE 2020
A11: CARRETERA | B11: CODIGO | C11: PR inicial | D11: PR final | E11: DESCRIPCION DE LA NECESIDAD | F11: COSTO ESTIMADO ($) | G11: OBSERVACIONES
A12: LA UNIÓN - SONSÓN | B12: 5601 | C12: 52+200 | E12: REEMPLAZO DE OBRA DE DRENAJE INSUFICIENTE HIDRÁULICAMENTE | F12: =+'CANT OBRA'!H674 -> 31300644
A13: LA UNIÓN - SONSÓN | B13: 5601 | C13: 52+530 | E13: REEMPLAZO DE OBRA DE DRENAJE COLAPSADA | F13: =+'CANT OBRA'!H690 -> 39771190
A14: LA UNIÓN - SONSÓN | B14: 5601 | C14: 53+475 | E14: REEMPLAZO DE OBRA DE DRENAJE COLAPSADA | F14: =+'CANT OBRA'!H706 -> 31066629
A15: LA UNIÓN - SONSÓN | B15: 5601 | C15: 55+850 | E15: CONSTRUCCIÓN DE DISIPADOR DE CUNETAS PARA EVITAR EROSIÓN EN DESCOLE | F15: =+'CANT OBRA'!H717 -> 7815654
A16: LA UNIÓN - SONSÓN | B16: 5601 | C16: 56+0210 | E16: REEMPLAZO DE ALCANTARILLA, ENCAUCE DE AGUAS DE ENCOLE HACIA OBRA DE DRENAJE Y PROTECCIÓN DEL MISMO | F16: =+'CANT OBRA'!H735 -> 36434004
A17: LA UNIÓN - SONSÓN | B17: 5601 | C17: 56+0563 | E17: RECONSTRUCCIÓN DE CUNETAS DETERIORADAS | F17: =+'CANT OBRA'!H1043 -> 2517548
A18: LA UNIÓN - SONSÓN | B18: 5601 | C18: 57+0784 | E18: RECONSTRUCCIÓN DE CUNETAS DETERIORADAS | F18: =+'CANT OBRA'!H1052 -> 1869999
A19: LA UNIÓN - SONSÓN | B19: 5601 | C19: 58+0790 | E19: PROTECCIÓN BANCA DE ACCIÓN EROSIVA DE QUEBRADA | F19: =+'CANT OBRA'!H45 -> 89725024
A20: LA UNIÓN - SONSÓN | B20: 5601 | C20: 60+0125 | E20: DEMOLICIÓN DE CABEZOTE VOLCADO QUE OBSTRUYE SALIDA DE OBRA DE DRENAJE | F20: =+'CANT OBRA'!H742 -> 951237
A21: LA UNIÓN - SONSÓN | B21: 5601 | C21: 60+0820 | E21: DEMOLICIÓN Y RECONSTRUCCIÓN DE PLACAS DE PAVIMENTO DE CONCRETO | F21: =+'CANT OBRA'!H1062 -> 19785442
A22: LA UNIÓN - SONSÓN | B22: 5601 | C22: 61+0585 | E22: REEMPLAZO DE OBRA DE DRENAJE INSUFICIENTE HIDRÁULICAMENTE | F22: =+'CANT OBRA'!H758 -> 31877809
A23: LA UNIÓN - SONSÓN | B23: 5601 | C23: 63+0110 | E23: CONSTRUCCIÓN DE MURO EN GAVIONES PARA ESTABILIZACIÓN BANCA, MARGEN DERECHA VÍA | F23: =+'CANT OBRA'!H87 -> 45695047
A24: LA UNIÓN - SONSÓN | B24: 5601 | C24: 66+0270 | E24: DEMOLICIÓN Y RECONSTRUCCIÓN DE PLACAS DE PAVIMENTO DE CONCRETO | F24: =+'CANT OBRA'!H1136 -> 5935633
A25: LA UNIÓN - SONSÓN | B25: 5601 | C25: 66+0285 | E25: DEMOLICIÓN, RENIVELACIÓN Y RECONSTRUCCIÓN DE PLACAS DE PAVIMENTO DE CONCRETO | F25: =+'CANT OBRA'!H1153 -> 42603838
A26: LA UNIÓN - SONSÓN | B26: 5601 | C26: 66+0340 | E26: DEMOLICIÓN, RENIVELACIÓN Y RECONSTRUCCIÓN DE PLACAS DE PAVIMENTO DE CONCRETO | F26: =+'CANT OBRA'!H1171 -> 57760781
A27: LA UNIÓN - SONSÓN | B27: 5601 | C27: 68+0812 | E27: CONSTRUCCIÓN DE DISIPADOR DE OBRA DE DRENAJE PARA EVITAR MAYOR EROSIÓN DE DESCOLE | F27: =+'CANT OBRA'!H770 -> 88648923
A28: LA UNIÓN - SONSÓN | B28: 5601 | C28: 68+0910 | E28: CONSTRUCCIÓN DE ALETA DE OBRA DE DRENAJE | F28: =+'CANT OBRA'!H781 -> 4530462
A29: LA UNIÓN - SONSÓN | B29: 5602 | C29: 68+0980 | E29: REEMPLAZO DE OBRA DE DRENAJE INSUFICIENTE | F29: =+'CANT OBRA'!H797 -> 31242111
A30: LA UNIÓN - SONSÓN | B30: 5601 | C30: 82+0904 | E30: RECONSTRUCCIÓN DE MURO EN GAVIONES | F30: =+'CANT OBRA'!H356 -> 175844532
A31: LA UNIÓN - SONSÓN | B31: 5601 | C31: 89+0890 | E31: RECONSTRUCCIÓN DE MURO EN GAVIONES | F31: =+'CANT OBRA'!H409 -> 21651542
A32: LA UNIÓN - SONSÓN | B32: 5601 | C32: 92+0087 | E32: REEMPLAZO DE OBRA DE DRENAJE DETERIORADA | F32: =+'CANT OBRA'!H919 -> 32873495
A33: LA UNIÓN - SONSÓN | B33: 5601 | C33: 96+0015 | E33: CONSTRUCCIÓN DE GAVIONES PARA ESTABILIZACIÓN DE BANCA | F33: =+'CANT OBRA'!H462 -> 5836216
A34: LA UNIÓN - SONSÓN | B34: 5601 | C34: 97+0720 | E34: RECONSTRUCCIÓN DE MURO EN GAVIONES | F34: =+'CANT OBRA'!H574 -> 12107998
A35: LA UNIÓN - SONSÓN | B35: 5601 | C35: 98+0790 | E35: CONSTRUCCIÓN DE DISIPADOR DE CUNETA | F35: =+'CANT OBRA'!H1013 -> 13429304
A36: LA UNIÓN - SONSÓN | B36: 5601 | C36: 72+0700 - 85+0130 y 101+0905 - 103+0000 | E36: SELLO DE FISURAS PAVIMENTO FLEXIBLE | F36: =+'CANT OBRA'!H1115 -> 56148723
A37: LA UNIÓN - SONSÓN | B37: 5601 | C37: 49+0885 | D37: 72+688 | E37: REPARACIÓN DE PLACAS DE PAVIMENTO RÍGIDO | F37: =+'CANT OBRA'!H1127 -> 435905293
A38: LA UNIÓN - SONSÓN | B38: 5601 | C38: 49+0000 | D38: 103+0000 | E38: REMOCIÓN DE DERRUMBES TRAMO 5601 | F38: =+'CANT OBRA'!H1095 -> 54550381
A39: LA UNIÓN - SONSÓN | B39: 5601 | C39: 85+0160 | D39: 101+906 | E39: PARCHEO CON MEZCLA ASFÁLTICA PR´S 85+0150 AL PR 101+0906 | F39: =+'CANT OBRA'!H1086 -> 6007284270
A40: LA UNIÓN - SONSÓN | B40: 5601 | C40: 49+0000-49+0885, 68+0601-71+0318, 85+0103-101+0900 | E40: PARCHEO CON MEZCLA ASFÁLTICA Y REFORZAMIENTO DE LA ESTRUCTURA DEL PAVIMENTO PR´S 49+000-49+885, 68+601-71+318, 85+103-101+900 | F40: =+'CANT OBRA'!H1109 -> 16086531831
A41: LA UNIÓN - SONSÓN | B41: 5601 | C41: 49+0000 | D41: 103+0000 | E41: RECONSTRUCCIÓN DE CUNETAS Y FILTROS TRAMO 5601 | F41: =+'CANT OBRA'!H1034 -> 3476436208
E42: TOTAL | F42: =SUM(F12:F41) -> 26948131768
A44: LOS VALORES REGISTRADOS EN LA COLUMNA COSTO ESTIMADO, DEBEN ESTAR ENLAZADOS CON EL HIPERVINCULO DEL CUADRO No. 7 "CALCULO DE CANTIDADES Y COSTOS ESTIMADOS DE NECESIDADES DE LAS VIAS", RESPECTIVO.
A45: NOTA (1): El costo debe incluir AIU e IVA (16% sobre utilidades) | F45: VOLVER A TABLA DE CONTENIDO

Sheet NECESIDADES CRITICAS
A1: INSTITUTO NACIONAL DE VIAS
A2: DIRECCION TERRITORIAL ANTIOQUIA
A4: CUADRO No. 6
A6: NECESIDADES CRITICAS DE LAS VIAS
A7: MANTENIMIENTO PERIODICO
A10: ADMINISTRADOR (ING. RESIDENTE): | C10: CARLOS MARIO MORENO IDÁRRAGA | F10: TRIMESTRE EVALUADO: | G10: ABRIL - JUNIO 2020
A12: CARRETERA | B12: CODIGO | C12: PR inicial | D12: PR final | E12: DESCRIPCION DE LA NECESIDAD | F12: COSTO ESTIMADO ($) | G12: OBSERVACIONES
A13: LA UNIÓN - SONSÓN | B13: 5601 | C13: 57+0950 | E13: CONSTRUCCIÓN DE MURO SOBRE CAISSONS Y REPARACIÓN DE CUNETAS | F13: =+'CANT OBRA'!H19 -> 52107974
A14: LA UNIÓN - SONSÓN | B14: 5601 | C14: 58+0045 | E14: PROTECCIÓN BANCA Y ESTRUCTURA DE CONTENCIÓN DE ACCIÓN EROSIVA DE QUEBRADA | F14: =+'CANT OBRA'!H32 -> 54532657
A15: LA UNIÓN - SONSÓN | B15: 5601 | C15: 59+0260 | E15: ESTABILIZACIÓN DEFINITIVA DE TERRENO CON CAISSONS, VIGA CABEZAL Y REPARACIÓN DE CUNETAS | F15: =+'CANT OBRA'!H62 -> 553610426
A16: LA UNIÓN - SONSÓN | B16: 5601 | C16: 65+0970 | E16: CONSTRUCCIÓN DE MURO DE PATA EN GAVIONES Y DE DISIPADOR DE ENERGÍA | F16: =+'CANT OBRA'!H99 -> 39367435
A17: LA UNIÓN - SONSÓN | B17: 5601 | C17: 66+0200 | E17: CONSTRUCCIÓN DE MURO EN GAVIONES | F17: =+'CANT OBRA'!H112 -> 23016565
A18: LA UNIÓN - SONSÓN | B18: 5601 | C18: 67+0600 | E18: CONSTRUCCIÓN DE MURO EN CONCRETO REFORZADO Y PILAS DE 10M | F18: =+'CANT OBRA'!H139 -> 609196581
A19: LA UNIÓN - SONSÓN | B19: 5601 | C19: 67+0990 | D19: 68+030 | E19: CONSTRUCCIÓN DE BORDILLO (INCLUYE CONTRAFUERTES PARA EVITAR VOLCAMIENTO), PARA EVITAR EROSIÓN EN TALUD INFERIOR | F19: =+'CANT OBRA'!H124 -> 31677637
A20: LA UNIÓN - SONSÓN | B20: 5601 | C20: 68+0500 | E20: CONSTRUCCIÓN DE MURO EN CONCRETO (CIMENTACIÓN SUPERFICIAL), H=3,5 M, L=35 M | F20: =+'CANT OBRA'!H153 -> 158693993
A21: LA UNIÓN - SONSÓN | B21: 5601 | C21: 68+0600 | E21: CONSTRUCCIÓN DE MURO EN CONCRETO (CIMENTACIÓN SUPERFICIAL), H=3,5 M, L=20M | F21: =+'CANT OBRA'!H168 -> 92312193
A22: =+A21 -> LA UNIÓN - SONSÓN | B22: 5601 | C22: 69+0090 | E22: CONSTRUCCIÓN DE MURO EN GAVIONES, PROTECCIÓN DE TALUD INFERIOR Y DESCOLE DE CUNETA. | F22: =+'CANT OBRA'!H193 -> 24414463
A23: LA UNIÓN - SONSÓN | B23: 5601 | C23: 68+0773 | E23: REEMPLAZO DE MURO EN GAVIONES DETERIORADOS Y CONSTRUCCIÓN DE DISIPADOR DE OBRA DE DRENAJE PARA EVITAR MAYOR EROSIÓN DE DESCOLE | F23: =+'CANT OBRA'!H180 -> 98385491
A24: LA UNIÓN - SONSÓN | B24: 5601 | C24: 70+0080 | E24: CONSTRUCCIÓN DE MURO EN CONCRETO (CIMENTACIÓN SUPERFICIAL) Y PROTECCIÓN DE CAUCE QUEBRADA | F24: =+'CANT OBRA'!H210 -> 566518542
A25: LA UNIÓN - SONSÓN | B25: 5601 | C25: 70+0775 | E25: CONSTRUCCIÓN DE DISIPADOR DE CUNETA | F25: =+'CANT OBRA'!H1077 -> 22104399
A26: LA UNIÓN - SONSÓN | B26: 5601 | C26: 72+0900 | E26: RECONSTRUCCIÓN DE MURO EN GAVIONES | F26: =+'CANT OBRA'!H223 -> 71463623
A27: =+A26 -> LA UNIÓN - SONSÓN | B27: 5601 | C27: 76+0400 | E27: REPARACIÓN DE CUNETA Y CONSTRUCCIÓN MURO EN GAVIONES | F27: =+'CANT OBRA'!H234 -> 36816669
A28: =+A27 -> LA UNIÓN - SONSÓN | B28: =+B27 -> 5601 | C28: 76+0515 | E28: CONSTRUCCIÓN DE MURO EN GAVIONES | F28: =+'CANT OBRA'!H246 -> 31790955
A29: =+A28 -> LA UNIÓN - SONSÓN | B29: 5601 | C29: 76+0880 | E29: RECONSTRUCCIÓN DE BORDILLO | F29: =+'CANT OBRA'!H255 -> 3284440
A30: =+A29 -> LA UNIÓN - SONSÓN | B30: 5601 | C30: 76+0900 | E30: CONSTRUCCIÓN DE MURO PATERO | F30: =+'CANT OBRA'!H265 -> 17052242
A31: LA UNIÓN - SONSÓN | B31: 5601 | C31: 77+0010 | E31: CONSTRUCCIÓN DE MURO EN CONCRETO (CIMENTACIÓN SUPERFICIAL), H=3,5 M, L=25 M | F31: =+'CANT OBRA'!H280 -> 118672132
A32: LA UNIÓN - SONSÓN | B32: 5601 | C32: 77+0160 | E32: CONSTRUCCIÓN DE DISIPADOR PARA EVITAR MAYOR EROSIÓN EN DESCOLE Y DAÑO GRAVE PARCIAL EN LA BANCA | F32: =+'CANT OBRA'!H290 -> 19966511
A33: LA UNIÓN - SONSÓN | B33: 5601 | C33: 77+0930 | E33: RECONSTRUCCIÓN DE MURO EN GAVIONES | F33: =+'CANT OBRA'!H304 -> 45948641
A34: LA UNIÓN - SONSÓN | B34: 5601 | C34: 78+0030 | E34: REEMPLAZO DE CAJA DE DRENAJE INSUFICIENTE POR BOX COULVERT DE 2X2 | F34: =+'CANT OBRA'!H815 -> 126681309
A35: LA UNIÓN - SONSÓN | B35: 5601 | C35: 78+0540 | E35: CONSTRUCCIÓN DE GAVIONES Y DISIPADOR DE OBRA DE DRENAJE PARA RECUPERAR ESTABILIDAD BANCA | F35: =+'CANT OBRA'!H316 -> 18716675
A36: LA UNIÓN - SONSÓN | B36: 5601 | C36: 78+0580 | E36: CONSTRUCCIÓN DE DISIPADOR DE OBRA DE DRENAJE PARA RECUPERACIÓN CÁRCAVA | F36: =+'CANT OBRA'!H828 -> 59007093
A37: LA UNIÓN - SONSÓN | B37: 5601 | C37: 80+0060 | E37: CONSTRUCCIÓN DE DISIPADOR DE OBRA DE DRENAJE Y RECUPERACIÓN CÁRCAVA | F37: =+'CANT OBRA'!H842 -> 61780848
A38: LA UNIÓN - SONSÓN | B38: 5601 | C38: 80+0460 | E38: CONSTRUCCIÓN DE DISIPADOR DE OBRA DE DRENAJE | F38: =+'CANT OBRA'!H326 -> 53732279
A39: LA UNIÓN - SONSÓN | B39: 5601 | C39: 80+0640 | E39: PROTECCIÓN TALUD INFERIOR Y CAUCE QUEBRADA DE ACCIÓN EROSIVA | F39: =+'CANT OBRA'!H334 -> 114813051
A40: LA UNIÓN - SONSÓN | B40: 5601 | C40: 80+0720 | E40: REEMPLAZO DE CAJA DE DRENAJE INSUFICIENTE POR BOX COULVERT DE 2X2 | F40: =+'CANT OBRA'!H860 -> 136799197
A41: LA UNIÓN - SONSÓN | B41: 5601 | C41: 80+0750 | E41: PROTECCIÓN DE TALUD CON REVEGETALIZACIÓN Y MANTO DE REFUERZO | F41: =+'CANT OBRA'!H604 -> 106776915
A42: LA UNIÓN - SONSÓN | B42: 5601 | C42: 81+0820 | E42: OBRAS DE ESTABILIZACIÓN TALUD SUPERIOR (MURO CIMENTACIÓN SUPERFICIAL PARA CONTENER MASA, H=2,0 M., L=30 M.), DRENAJE Y SUBDRENAJE | F42: =+'CANT OBRA'!H622 -> 224857933
A43: =+A42 -> LA UNIÓN - SONSÓN | B43: 5601 | C43: 83+0000 | E43: CONSTRUCCION DE MURO DE CONTENCIÓN EN PUENTE CARTAGENA | F43: =+'CANT OBRA'!H368 -> 17942573
A44: LA UNIÓN - SONSÓN | B44: 5601 | C44: 83+0440 | E44: CONSTRUCCIÓN MURO CONCRETO SOBRE CAISSONS PARA ESTABILIZACIÓN DE LA BANCA, L=25,0 m. | F44: =+'CANT OBRA'!H383 -> 480331957
A45: LA UNIÓN - SONSÓN | B45: 5601 | C45: 85+0000 | E45: OBRAS DE ESTABILIZACIÓN, PROTECCIÓN Y REVEGETALIZACIÓN DE TALUD INFERIOR, DRENAJE Y SUBDRENAJE PARA EVITAR MAYOR EROSIÓN | F45: =+'CANT OBRA'!H639 -> 1124591703
A46: LA UNIÓN - SONSÓN | B46: 5601 | C46: 85+0660 | E46: ESTABILIZACIÓN DE TERRENO CON CAISSONS, VIGA CABEZAL Y OBRAS COMPLEMENTARIAS | F46: =+'CANT OBRA'!H655 -> 303156816
A47: LA UNIÓN - SONSÓN | B47: 5601 | C47: 87+0220 | E47: CONSTRUCCIÓN DE MURO DE CONCRETO REFORZADO DE CIMENTACIÓN SUPERFICIAL, H=3,5 M., L=15,0 M. | F47: =+'CANT OBRA'!H903 -> 286406168
A48: LA UNIÓN - SONSÓN | B48: 5601 | C48: 87+0396 | E48: CONSTRUCCIÓN DE DISIPADOR DE OBRA DE DRENAJE PARA EVITAR MAYOR EROSIÓN DE DESCOLE | F48: =+'CANT OBRA'!H874 -> 140033462
A49: LA UNIÓN - SONSÓN | B49: 5601 | C49: 88+0190 | E49: RECONSTRUCCIÓN ALETAS DE SALIDA OBRA DRENAJE Y CONSTRUCCIÓN DE DISIPADOR PARA EVITAR EROSIÓN EN DESCOLE Y FORMACIÓN DE CÁRCAVA | F49: =+'CANT OBRA'!H887 -> 45456023
A50: LA UNIÓN - SONSÓN | B50: 5601 | C50: 91+0840 | E50: OBRAS DE ESTABILIZACIÓN DE TERRENO Y BANCA PARA MANTENER EL TRÁNSITO POR EL SECTOR | F50: =+'CANT OBRA'!H484 -> 1186424309
A51: LA UNIÓN - SONSÓN | B51: 5601 | C51: 92+0360 | E51: RECONSTRUCCIÓN TERRAPLÉN Y REEMPLAZO DE CAJA DE DRENAJE INSUFICIENTE POR BOX COULVERT DE 2X2 | F51: =+'CANT OBRA'!H937 -> 356290909
A52: LA UNIÓN - SONSÓN | B52: 5601 | C52: 93+0770 | E52: OBRAS DE PROTECCIÓN DEL TALUD INFERIOR POR ACCIÓN EROSIVA DEL RÍO "TASAJO" MARGEN IZQUIERDA | F52: =+'CANT OBRA'!H396 -> 70118442
A53: LA UNIÓN - SONSÓN | B53: 5601 | C53: 94+0015 | E53: CONSTRUCCIÓN DE MURO EN GAVIONES PARA EVITAR INESTABILIDAD EN BANCA Y RECUPERAR BORDE VÍA, MARGEN IZQUIERDA VÍA | F53: =+'CANT OBRA'!H420 -> 99635950
A54: LA UNIÓN - SONSÓN | B54: 5601 | C54: 94+0260 | E54: CONSTRUCCION DE DESCOLE, HIDROSIEMBRA Y MUERTO EN ROCA DE GRAN TAMAÑO | F54: =+'CANT OBRA'!H497 -> 356237913
A55: LA UNIÓN - SONSÓN | B55: 5601 | C55: 94+0380 | E55: CONSTRUCCIÓN DE DISIPADOR DE DESCOLE DE CUNETAS PARA PROTECCIÓN DE MURO EXISTENTE Y ESTABILIZAR BANCA | F55: =+'CANT OBRA'!H430 -> 9284143
A56: LA UNIÓN - SONSÓN | B56: 5601 | C56: 94+0450 | E56: CONSTRUCCIÓN DE DISIPADOR DE OBRA DE DRENAJE Y RECUPERACIÓN CÁRCAVA | F56: =+'CANT OBRA'!H442 -> 111372184
A57: LA UNIÓN - SONSÓN | B57: 5601 | C57: 94+0820 | E57: OBRAS DE ESTABILIZACIÓN DE TERRENO Y BANCA (MURO CONFINAMIENTO EN GAVIONES TALUD INFERIOR, DRENAJE, SUBDRENAJE) | F57: =+'CANT OBRA'!H512 -> 184213688
A58: LA UNIÓN - SONSÓN | B58: 5601 | C58: 95+0000 | E58: RECONSTRUCCIÓN DE MURO EN GAVIONES | F58: =+'CANT OBRA'!H451 -> 52152156
A59: LA UNIÓN - SONSÓN | B59: 5601 | C59: 95+0390 | E59: REEMPLAZO DE OBRA DE DRENAJE DETERIORADA POR BOX COULVERT DE 2X2 "ESCUELA TASAJO" | F59: =+'CANT OBRA'!H984 -> 190985084
A60: LA UNIÓN - SONSÓN | B60: 5601 | C60: 95+0750 | D60: 95+840 | E60: OBRAS DE ESTABILIZACIÓN DE TERRENO Y BANCA | F60: =+'CANT OBRA'!H530 -> 363970664
A61: LA UNIÓN - SONSÓN | B61: 5601 | C61: 95+0870 | E61: REEMPLAZO DE OBRA DE DRENAJE DETERIORADA | F61: =+'CANT OBRA'!H1000 -> 45515908
A62: LA UNIÓN - SONSÓN | B62: 5601 | C62: 96+0125 | E62: CONSTRUCCIÓN DE MURO EN CONCRETO SOBRE CAISSONS Y DISIPADOR OBRA DE DRENAJE PARA ESTABILIZACIÓN DE LA BANCA | F62: =+'CANT OBRA'!H548 -> 596418132
A63: LA UNIÓN - SONSÓN | B63: 5601 | C63: 97+0300 | E63: CONSTRUCCIÓN DE MURO DE CONCRETO REFORZADO DE CIMENTACIÓN SUPERFICIAL, H=3,5 M., L=25,0 M. | F63: =+'CANT OBRA'!H563 -> 186222230
A64: LA UNIÓN - SONSÓN | B64: 5601 | C64: 49+0000 | D64: 103+0000 | E64: ESTABILIZACIÓN Y PROTECCIÓN DE TALUDES A LO LARGO DEL TRAMO 5601 | F64: =+'CANT OBRA'!H597 -> 3218880040
A80: LOS VALORES REGISTRADOS EN LA COLUMNA COSTO ESTIMADO, DEBEN ESTAR ENLAZADOS CON EL HIPERVINCULO DEL CUADRO No. 7 "CALCULO DE CANTIDADES Y COSTOS ESTIMADOS DE NECESIDADES DE LAS VIAS", RESPECTIVO.
A81: NOTA (1): El costo debe incluir AIU e IVA (16% sobre utilidades) | F81: VOLVER A TABLA DE CONTENIDO

Sheet CANT OBRA
A1: INSTITUTO NACIONAL DE VIAS
A2: DIRECCION TERRITORIAL ANTIOQUIA
A3: CUADRO No. 7
A5: CALCULO DE CANTIDADES Y COSTOS ESTIMADOS DE NECESIDADES
A6: DE LAS VIAS (PREVENTIVAS Ó CRITICAS Ó PUENTES Ó PONTONES)
A7: INGENIERO RESIDENTE: | D7: CARLOS MARIO MORENO IDÁRRAGA | G7: TRIMESTRE EVALUADO: | H7: JULIO - SEPTIEMBRE 2020
A8: CARRETERA: | C8: LA UNION - LA FRONTERA - SONSÓN (PR49+0000 - PR103+0000) | E8: SECTOR: | F8: 5601
A10: ITEM DE PAGO | B10: ESPECIFICACIONES
B11: GENERAL | C11: PARTICULAR | D11: DESCRIPCION | E11: UND. | F11: CANTIDAD | G11: VALOR UNITARIO ( $ ) | H11: VALOR TOTAL ( $ )
A13: 1. Descripción de la actividad : OBRAS DE PROTECCIÓN Y RECUPERACIÓN DE BANCA
C15: PR57+0950 CONSTRUCCIÓN DE MURO SOBRE CAISSONS Y REPARACIÓN DE CUNETAS l=23,60 ML
A16: 623.1 | B16: =MID(A16,1,3)&"-"&13 -> 623-13 | D16: =VLOOKUP(A16,[33]INDICE!$A$3:$D$334,2,FALSE) -> ANCLAJE TIPO _____ (ROCA) | E16: =VLOOKUP(A16,[33]INDICE!$A$3:$D$334,3,FALSE) -> m | F16: 105 | G16: =VLOOKUP(A16,[33]INDICE!$A$3:$D$334,4,FALSE) -> 492666.16 | H16: =F16*G16 -> 51729947 | J16: 623.1
G17: VALOR BÁSICO | H17: =SUM(H16:H16) -> 51729947
G18: VALOR IVA (19% SOBRE UTILIDADES) | H18: =ROUND((+H17*0.05*0.19)/(1+0.3),0) -> 378027
G19: VALOR TOTAL DE LA OBRA | H19: =+ROUND(H17+H18,0) -> 52107974
C21: PR 58+0045 PROTECCIÓN BANCA Y ESTRUCTURA DE CONTENCIÓN DE ACCIÓN EROSIVA DE QUEBRADA
A22: 600.1.1 | B22: =MID(A22,1,3)&"-"&13 -> 600-13 | D22: =VLOOKUP(A22,[33]INDICE!$A$3:$D$334,2,FALSE) -> EXCAVACIONES VARIAS SIN CLASIFICAR | E22: =VLOOKUP(A22,[33]INDICE!$A$3:$D$334,3,FALSE) -> m3 | F22: =6*2*3 -> 36 | G22: =VLOOKUP(A22,[33]INDICE!$A$3:$D$334,4,FALSE) -> 67953.95 | H22: =F22*G22 -> 2446342.2 | J22: 600,1,1
A23: 600.2.4 | B23: =MID(A23,1,3)&"-"&13 -> 600-13 | D23: =VLOOKUP(A23,[33]INDICE!$A$3:$D$334,2,FALSE) -> EXCAVACIONES VARIAS EN MATERIAL COMÚN BAJO AGUA. | E23: =VLOOKUP(A23,[33]INDICE!$A$3:$D$334,3,FALSE) -> m3 | F23: 12 | G23: =VLOOKUP(A23,[33]INDICE!$A$3:$D$334,4,FALSE) -> 84833.801 | H23: =F23*G23 -> 1018005.6 | J23: 600,2,4
A24: 610.1 | B24: =MID(A24,1,3)&"-"&13 -> 610-13 | D24: =VLOOKUP(A24,[33]INDICE!$A$3:$D$334,2,FALSE) -> RELLENOS PARA ESTRUCTURAS CON SUELO. | E24: =VLOOKUP(A24,[33]INDICE!$A$3:$D$334,3,FALSE) -> m3 | F24: 5 | G24: =VLOOKUP(A24,[33]INDICE!$A$3:$D$334,4,FALSE) -> 164362.89 | H24: =F24*G24 -> 821814.46 | J24: 610.1
A25: 630.5 | B25: =MID(A25,1,3)&"-"&13 -> 630-13 | D25: =VLOOKUP(A25,[33]INDICE!$A$3:$D$334,2,FALSE) -> CONCRETO RESISTENCIA 17.5MPA (E ) | E25: =VLOOKUP(A25,[33]INDICE!$A$3:$D$334,3,FALSE) -> m3 | F25: =8*4*0.1 -> 3.2 | G25: =VLOOKUP(A25,[33]INDICE!$A$3:$D$334,4,FALSE) -> 735031.05 | H25: =F25*G25 -> 2352099.4 | J25: 630.5
A26: 630.7 | B26: =MID(A26,1,3)&"-"&13 -> 630-13 | D26: =VLOOKUP(A26,[33]INDICE!$A$3:$D$334,2,FALSE) -> CONCRETO RESISTENCIA 14MPA (G) (CICLOPEO) | E26: =VLOOKUP(A26,[33]INDICE!$A$3:$D$334,3,FALSE) -> m3 | F26: 2 | G26: =VLOOKUP(A26,[33]INDICE!$A$3:$D$334,4,FALSE) -> 530138.01 | H26: =F26*G26 -> 1060276 | J26: 630.7
A27: 630P | B27: =MID(A27,1,3)&"-"&13 -> 630-13 | D27: =VLOOKUP(A27,[33]INDICE!$A$3:$D$334,2,FALSE) -> BOLSACRETO 1M3(21MPA) | E27: =VLOOKUP(A27,[33]INDICE!$A$3:$D$334,3,FALSE) -> M3 | F27: =6*5 -> 30 | G27: =VLOOKUP(A27,[33]INDICE!$A$3:$D$334,4,FALSE) -> 1058308.6 | H27: =F27*G27 -> 31749258 | J27: 630P
A28: 673.1.2 | B28: =MID(A28,1,3)&"-"&13 -> 673-13 | D28: =VLOOKUP(A28,[33]INDICE!$A$3:$D$334,2,FALSE) -> GEOTEXTIL TIPO T-2400 O SIMILAR TEJIDO | E28: =VLOOKUP(A28,[33]INDICE!$A$3:$D$334,3,FALSE) -> m2 | F28: =7*3*1.1 -> 23.1 | G28: =VLOOKUP(A28,[33]INDICE!$A$3:$D$334,4,FALSE) -> 10983.835 | H28: =F28*G28 -> 253726.59 | J28: 673.1
A29: 681.1 | B29: =MID(A29,1,3)&"-"&13 -> 681-13 | D29: =VLOOKUP(A29,[33]INDICE!$A$3:$D$334,2,FALSE) -> GAVIÓNES DE MALLA DE ALAMBRE DE ACERO ENTRELAZADO CLASE 1; RECUBRIMIENTO DE ZINC (GALVANIZADO) | E29: =VLOOKUP(A29,[33]INDICE!$A$3:$D$334,3,FALSE) -> m3 | F29: =6*3*(2/3)*3 -> 36 | G29: =VLOOKUP(A29,[33]INDICE!$A$3:$D$334,4,FALSE) -> 400986.6 | H29: =F29*G29 -> 14435518 | J29: 681.1
G30: VALOR BÁSICO | H30: =SUM(H22:H29) -> 54137040
G31: VALOR IVA (19% SOBRE UTILIDADES) | H31: =SUM(H30:H30)*0.05*0.19/1.3 -> 395616.83
G32: VALOR TOTAL DE LA OBRA | H32: =+ROUND(H30+H31,0) -> 54532657
C35: PR 58+0790 PROTECCIÓN BANCA DE ACCIÓN EROSIVA DE QUEBRADA
A36: 600.1.1 | B36: =MID(A36,1,3)&"-"&13 -> 600-13 | D36: =VLOOKUP(A36,[33]INDICE!$A$3:$D$334,2,FALSE) -> EXCAVACIONES VARIAS SIN CLASIFICAR | E36: =VLOOKUP(A36,[33]INDICE!$A$3:$D$334,3,FALSE) -> m3 | F36: =20*2*3 -> 120 | G36: =VLOOKUP(A36,[33]INDICE!$A$3:$D$334,4,FALSE) -> 67953.95 | H36: =F36*G36 -> 8154474 | J36: 600,1,1
A37: 600.2.4 | B37: =MID(A37,1,3)&"-"&13 -> 600-13 | D37: =VLOOKUP(A37,[33]INDICE!$A$3:$D$334,2,FALSE) -> EXCAVACIONES VARIAS EN MATERIAL COMÚN BAJO AGUA. | E37: =VLOOKUP(A37,[33]INDICE!$A$3:$D$334,3,FALSE) -> m3 | F37: =0.7*F36 -> 84 | G37: =VLOOKUP(A37,[33]INDICE!$A$3:$D$334,4,FALSE) -> 84833.801 | H37: =F37*G37 -> 7126039.3 | J37: 600,2,4
A38: 610.1 | B38: =MID(A38,1,3)&"-"&13 -> 610-13 | D38: =VLOOKUP(A38,[33]INDICE!$A$3:$D$334,2,FALSE) -> RELLENOS PARA ESTRUCTURAS CON SUELO. | E38: =VLOOKUP(A38,[33]INDICE!$A$3:$D$334,3,FALSE) -> m3 | F38: =0.75*F36 -> 90 | G38: =VLOOKUP(A38,[33]INDICE!$A$3:$D$334,4,FALSE) -> 164362.89 | H38: =F38*G38 -> 14792660 | J38: 610.1
A39: 630.5 | B39: =MID(A39,1,3)&"-"&13 -> 630-13 | D39: =VLOOKUP(A39,[33]INDICE!$A$3:$D$334,2,FALSE) -> CONCRETO RESISTENCIA 17.5MPA (E ) | E39: =VLOOKUP(A39,[33]INDICE!$A$3:$D$334,3,FALSE) -> m3 | F39: =20*4*0.1 -> 8 | G39: =VLOOKUP(A39,[33]INDICE!$A$3:$D$334,4,FALSE) -> 735031.05 | H39: =F39*G39 -> 5880248.4 | J39: 630.5
A40: 630.7 | B40: =MID(A40,1,3)&"-"&13 -> 630-13 | D40: =VLOOKUP(A40,[33]INDICE!$A$3:$D$334,2,FALSE) -> CONCRETO RESISTENCIA 14MPA (G) (CICLOPEO) | E40: =VLOOKUP(A40,[33]INDICE!$A$3:$D$334,3,FALSE) -> m3 | F40: 8 | G40: =VLOOKUP(A40,[33]INDICE!$A$3:$D$334,4,FALSE) -> 530138.01 | H40: =F40*G40 -> 4241104.1 | J40: 630.7
A41: 673.1.2 | B41: =MID(A41,1,3)&"-"&13 -> 673-13 | D41: =VLOOKUP(A41,[33]INDICE!$A$3:$D$334,2,FALSE) -> GEOTEXTIL TIPO T-2400 O SIMILAR TEJIDO | E41: =VLOOKUP(A41,[33]INDICE!$A$3:$D$334,3,FALSE) -> m2 | F41: =21*3*1.1 -> 69.3 | G41: =VLOOKUP(A41,[33]INDICE!$A$3:$D$334,4,FALSE) -> 10983.835 | H41: =F41*G41 -> 761179.78 | J41: 673.1
A42: 681.1 | B42: =MID(A42,1,3)&"-"&13 -> 681-13 | D42: =VLOOKUP(A42,[33]INDICE!$A$3:$D$334,2,FALSE) -> GAVIÓNES DE MALLA DE ALAMBRE DE ACERO ENTRELAZADO CLASE 1; RECUBRIMIENTO DE ZINC (GALVANIZADO) | E42: =VLOOKUP(A42,[33]INDICE!$A$3:$D$334,3,FALSE) -> m3 | F42: =20*3*(2/3)*3 -> 120 | G42: =VLOOKUP(A42,[33]INDICE!$A$3:$D$334,4,FALSE) -> 400986.6 | H42: =F42*G42 -> 48118392 | J42: 681.1
G43: VALOR BÁSICO | H43: =SUM(H36:H42) -> 89074098
G44: VALOR IVA (19% SOBRE UTILIDADES) | H44: =SUM(H43:H43)*0.05*0.19/1.3 -> 650926.1
G45: VALOR TOTAL DE LA OBRA | H45: =+ROUND(H43+H44,0) -> 89725024
C47: PR 59+0260 RECONSTRUCCION DE MURO DE CONTENCION Y RECUPERACION DE CUNETA DE 27ML
A48: 600.1.1 | B48: =MID(A48,1,3)&"-"&13 -> 600-13 | D48: =VLOOKUP(A48,[33]INDICE!$A$3:$D$334,2,FALSE) -> EXCAVACIONES VARIAS SIN CLASIFICAR | E48: =VLOOKUP(A48,[33]INDICE!$A$3:$D$334,3,FALSE) -> m3 | F48: 82 | G48: =VLOOKUP(A48,[33]INDICE!$A$3:$D$334,4,FALSE) -> 67953.95 | H48: =F48*G48 -> 5572223.9
A49: 201.7 | B49: =MID(A49,1,3)&"-"&13 -> 201-13 | D49: =VLOOKUP(A49,[33]INDICE!$A$3:$D$334,2,FALSE) -> DEMOLICIÓN DE ESTRUCTURAS | E49: =VLOOKUP(A49,[33]INDICE!$A$3:$D$334,3,FALSE) -> m3 | F49: 33 | G49: =VLOOKUP(A49,[33]INDICE!$A$3:$D$334,4,FALSE) -> 240341.83 | H49: =F49*G49 -> 7931280.3
A50: 630.4 | B50: =MID(A50,1,3)&"-"&13 -> 630-13 | D50: =VLOOKUP(A50,[33]INDICE!$A$3:$D$334,2,FALSE) -> CONCRETO RESISTENCIA 21MPA (D) | E50: =VLOOKUP(A50,[33]INDICE!$A$3:$D$334,3,FALSE) -> m3 | F50: 43 | G50: =VLOOKUP(A50,[33]INDICE!$A$3:$D$334,4,FALSE) -> 871855.23 | H50: =F50*G50 -> 37489775
A51: 640.1 | B51: =MID(A51,1,3)&"-"&13 -> 640-13 | D51: =VLOOKUP(A51,[33]INDICE!$A$3:$D$334,2,FALSE) -> ACERO DE REFUERZO FY 4200 MPA. | E51: =VLOOKUP(A51,[33]INDICE!$A$3:$D$334,3,FALSE) -> kg | F51: 3470 | G51: =VLOOKUP(A51,[33]INDICE!$A$3:$D$334,4,FALSE) -> 6085.8497 | H51: =F51*G51 -> 21117898
A52: 621.1.3P | B52: =MID(A52,1,3)&"-"&13 -> 621-13 | D52: =VLOOKUP(A52,[33]INDICE!$A$3:$D$334,2,FALSE) -> Pilote de Concreto Vaciado In Situ, de diámetro 1,5 m | E52: =VLOOKUP(A52,[33]INDICE!$A$3:$D$334,3,FALSE) -> M | F52: 100 | G52: =VLOOKUP(A52,[33]INDICE!$A$3:$D$334,4,FALSE) -> 3739946.4 | H52: =F52*G52 -> 3.7399464e+08
A53: 610.1 | B53: =MID(A53,1,3)&"-"&13 -> 610-13 | D53: =VLOOKUP(A53,[33]INDICE!$A$3:$D$334,2,FALSE) -> RELLENOS PARA ESTRUCTURAS CON SUELO. | E53: =VLOOKUP(A53,[33]INDICE!$A$3:$D$334,3,FALSE) -> m3 | F53: =27*4*1.5 -> 162 | G53: =VLOOKUP(A53,[33]INDICE!$A$3:$D$334,4,FALSE) -> 164362.89 | H53: =F53*G53 -> 26626789
A54: 623.1 | B54: =MID(A54,1,3)&"-"&13 -> 623-13 | D54: =VLOOKUP(A54,[33]INDICE!$A$3:$D$334,2,FALSE) -> ANCLAJE TIPO _____ (ROCA) | E54: =VLOOKUP(A54,[33]INDICE!$A$3:$D$334,3,FALSE) -> m | F54: 105 | G54: =VLOOKUP(A54,[33]INDICE!$A$3:$D$334,4,FALSE) -> 492666.16 | H54: =F54*G54 -> 51729947
A55: 630.6 | B55: =MID(A55,1,3)&"-"&13 -> 630-13 | D55: =VLOOKUP(A55,[33]INDICE!$A$3:$D$334,2,FALSE) -> CONCRETO RESISTENCIA 14MPA (F) | E55: =VLOOKUP(A55,[33]INDICE!$A$3:$D$334,3,FALSE) -> m3 | F55: 1 | G55: =VLOOKUP(A55,[33]INDICE!$A$3:$D$334,4,FALSE) -> 674387.02 | H55: =F55*G55 -> 674387.02
A56: 673.1.2 | B56: =MID(A56,1,3)&"-"&13 -> 673-13 | D56: =VLOOKUP(A56,[33]INDICE!$A$3:$D$334,2,FALSE) -> GEOTEXTIL TIPO T-2400 O SIMILAR TEJIDO | E56: =VLOOKUP(A56,[33]INDICE!$A$3:$D$334,3,FALSE) -> m2 | F56: 127 | G56: =VLOOKUP(A56,[33]INDICE!$A$3:$D$334,4,FALSE) -> 10983.835 | H56: =F56*G56 -> 1394947.1
A57: 330.1 | B57: =MID(A57,1,3)&"-"&13 -> 330-13 | D57: =VLOOKUP(A57,[33]INDICE!$A$3:$D$334,2,FALSE) -> BASE GRANULAR CLASE A | E57: =VLOOKUP(A57,[33]INDICE!$A$3:$D$334,3,FALSE) -> m3 | F57: 39 | G57: =VLOOKUP(A57,[33]INDICE!$A$3:$D$334,4,FALSE) -> 375353.93 | H57: =F57*G57 -> 14638803
A58: 671.3 | B58: =MID(A58,1,3)&"-"&13 -> 671-13 | D58: =VLOOKUP(A58,[33]INDICE!$A$3:$D$334,2,FALSE) -> CUNETA DE CONCRETO VACIADA IN SITU; INCLUYE LA CONFORMACION DE LA SUPERFICIE DE APOYO | E58: =VLOOKUP(A58,[33]INDICE!$A$3:$D$334,3,FALSE) -> m3 | F58: 7 | G58: =VLOOKUP(A58,[33]INDICE!$A$3:$D$334,4,FALSE) -> 841791.75 | H58: =F58*G58 -> 5892542.3
A59: 673.2 | B59: =MID(A59,1,3)&"-"&13 -> 673-13 | D59: =VLOOKUP(A59,[33]INDICE!$A$3:$D$334,2,FALSE) -> MATERIAL GRANULAR DRENANTE | E59: =VLOOKUP(A59,[33]INDICE!$A$3:$D$334,3,FALSE) -> m3 | F59: =30*1*1 -> 30 | G59: =VLOOKUP(A59,[33]INDICE!$A$3:$D$334,4,FALSE) -> 84364.418 | H59: =F59*G59 -> 2530932.5
G60: VALOR BÁSICO | H60: =SUM(H48:H59) -> 5.4959416e+08
G61: VALOR IVA (19% SOBRE UTILIDADES) | H61: =ROUND((+H60*0.05*0.19)/(1+0.3),0) -> 4016265
G62: VALOR TOTAL DE LA OBRA | H62: =+ROUND(H60+H61,0) -> 553610426
C64: PR 62+0260 EROSIÓN SEVERO POR DESCOLE
A65: 600.1.1 | B65: =MID(A65,1,3)&"-"&13 -> 600-13 | D65: =VLOOKUP(A65,[33]INDICE!$A$3:$D$334,2,FALSE) -> EXCAVACIONES VARIAS SIN CLASIFICAR | E65: =VLOOKUP(A65,[33]INDICE!$A$3:$D$334,3,FALSE) -> m3 | F65: 128 | G65: =VLOOKUP(A65,[33]INDICE!$A$3:$D$334,4,FALSE) -> 67953.95 | H65: =F65*G65 -> 8698105.6
A66: 610.1 | B66: =MID(A66,1,3)&"-"&13 -> 610-13 | D66: =VLOOKUP(A66,[33]INDICE!$A$3:$D$334,2,FALSE) -> RELLENOS PARA ESTRUCTURAS CON SUELO. | E66: =VLOOKUP(A66,[33]INDICE!$A$3:$D$334,3,FALSE) -> m3 | F66: 87 | G66: =VLOOKUP(A66,[33]INDICE!$A$3:$D$334,4,FALSE) -> 164362.89 | H66: =F66*G66 -> 14299572
A67: 630.4 | B67: =MID(A67,1,3)&"-"&13 -> 630-13 | D67: =VLOOKUP(A67,[33]INDICE!$A$3:$D$334,2,FALSE) -> CONCRETO RESISTENCIA 21MPA (D) | E67: =VLOOKUP(A67,[33]INDICE!$A$3:$D$334,3,FALSE) -> m3 | F67: 10 | G67: =VLOOKUP(A67,[33]INDICE!$A$3:$D$334,4,FALSE) -> 871855.23 | H67: =F67*G67 -> 8718552.3
A68: 630.6 | B68: =MID(A68,1,3)&"-"&13 -> 630-13 | D68: =VLOOKUP(A68,[33]INDICE!$A$3:$D$334,2,FALSE) -> CONCRETO RESISTENCIA 14MPA (F) | E68: =VLOOKUP(A68,[33]INDICE!$A$3:$D$334,3,FALSE) -> m3 | F68: 2 | G68: =VLOOKUP(A68,[33]INDICE!$A$3:$D$334,4,FALSE) -> 674387.02 | H68: =F68*G68 -> 1348774
A69: 640.1 | B69: =MID(A69,1,3)&"-"&13 -> 640-13 | D69: =VLOOKUP(A69,[33]INDICE!$A$3:$D$334,2,FALSE) -> ACERO DE REFUERZO FY 4200 MPA. | E69: =VLOOKUP(A69,[33]INDICE!$A$3:$D$334,3,FALSE) -> kg | F69: 293 | G69: =VLOOKUP(A69,[33]INDICE!$A$3:$D$334,4,FALSE) -> 6085.8497 | H69: =F69*G69 -> 1783154
A70: 673.1.2 | B70: =MID(A70,1,3)&"-"&13 -> 673-13 | D70: =VLOOKUP(A70,[33]INDICE!$A$3:$D$334,2,FALSE) -> GEOTEXTIL TIPO T-2400 O SIMILAR TEJIDO | E70: =VLOOKUP(A70,[33]INDICE!$A$3:$D$334,3,FALSE) -> m2 | F70: 158 | G70: =VLOOKUP(A70,[33]INDICE!$A$3:$D$334,4,FALSE) -> 10983.835 | H70: =F70*G70 -> 1735446
A71: 681.3 | B71: =MID(A71,1,3)&"-"&13 -> 681-13 | D71: =VLOOKUP(A71,[33]INDICE!$A$3:$D$334,2,FALSE) -> GAVIÓN DE MALLA DE ALAMBRE DE ACERO ENTRELAZADO CLASE 3; RECUBRIMIENTO DE ZINC (GALVANIZADO) Y PVC | E71: =VLOOKUP(A71,[33]INDICE!$A$3:$D$334,3,FALSE) -> m3 | F71: 80 | G71: =VLOOKUP(A71,[33]INDICE!$A$3:$D$334,4,FALSE) -> 430730.76 | H71: =F71*G71 -> 34458461
G72: VALOR BÁSICO | H72: =SUM(H65:H71) -> 71042065
G73: VALOR IVA (19% SOBRE UTILIDADES) | H73: =ROUND((+H72*0.05*0.19)/(1+0.3),0) -> 519154
G74: VALOR TOTAL DE LA OBRA | H74: =+ROUND(H72+H73,0) -> 71561219
C79: PR 63+0110 CONSTRUCCIÓN DE MURO EN GAVIONES PARA ESTABILIZACIÓN BANCA, MARGEN DERECHA VÍA, L=15m
A80: 600.1.1 | B80: =MID(A80,1,3)&"-"&13 -> 600-13 | D80: =VLOOKUP(A80,[33]INDICE!$A$3:$D$334,2,FALSE) -> EXCAVACIONES VARIAS SIN CLASIFICAR | E80: =VLOOKUP(A80,[33]INDICE!$A$3:$D$334,3,FALSE) -> m3 | F80: =15*2*3.5 -> 105 | G80: =VLOOKUP(A80,[33]INDICE!$A$3:$D$334,4,FALSE) -> 67953.95 | H80: =F80*G80 -> 7135164.8 | J80: 600,1,1
A81: 610.1 | B81: =MID(A81,1,3)&"-"&13 -> 610-13 | D81: =VLOOKUP(A81,[33]INDICE!$A$3:$D$334,2,FALSE) -> RELLENOS PARA ESTRUCTURAS CON SUELO. | E81: =VLOOKUP(A81,[33]INDICE!$A$3:$D$334,3,FALSE) -> m3 | F81: =15*0.5*3.5 -> 26.25 | G81: =VLOOKUP(A81,[33]INDICE!$A$3:$D$334,4,FALSE) -> 164362.89 | H81: =F81*G81 -> 4314525.9 | J81: 610.1
A82: 630.7 | B82: =MID(A82,1,3)&"-"&13 -> 630-13 | D82: =VLOOKUP(A82,[33]INDICE!$A$3:$D$334,2,FALSE) -> CONCRETO RESISTENCIA 14MPA (G) (CICLOPEO) | E82: =VLOOKUP(A82,[33]INDICE!$A$3:$D$334,3,FALSE) -> m3 | F82: 6 | G82: =VLOOKUP(A82,[33]INDICE!$A$3:$D$334,4,FALSE) -> 530138.01 | H82: =F82*G82 -> 3180828.1 | J82: 630.7
A83: 673.1.2 | B83: =MID(A83,1,3)&"-"&13 -> 673-13 | D83: =VLOOKUP(A83,[33]INDICE!$A$3:$D$334,2,FALSE) -> GEOTEXTIL TIPO T-2400 O SIMILAR TEJIDO | E83: =VLOOKUP(A83,[33]INDICE!$A$3:$D$334,3,FALSE) -> m2 | F83: =15*4 -> 60 | G83: =VLOOKUP(A83,[33]INDICE!$A$3:$D$334,4,FALSE) -> 10983.835 | H83: =F83*G83 -> 659030.11 | J83: 673.1
A84: 681.1 | B84: =MID(A84,1,3)&"-"&13 -> 681-13 | D84: =VLOOKUP(A84,[33]INDICE!$A$3:$D$334,2,FALSE) -> GAVIÓNES DE MALLA DE ALAMBRE DE ACERO ENTRELAZADO CLASE 1; RECUBRIMIENTO DE ZINC (GALVANIZADO) | E84: =VLOOKUP(A84,[33]INDICE!$A$3:$D$334,3,FALSE) -> m3 | F84: =15*5 -> 75 | G84: =VLOOKUP(A84,[33]INDICE!$A$3:$D$334,4,FALSE) -> 400986.6 | H84: =F84*G84 -> 30073995 | J84: 681.1
G85: VALOR BÁSICO | H85: =SUM(H80:H84) -> 45363544
G86: VALOR IVA (19% SOBRE UTILIDADES) | H86: =SUM(H85:H85)*0.05*0.19/1.3 -> 331502.82
G87: VALOR TOTAL DE LA OBRA | H87: =+ROUND(H85+H86,0) -> 45695047
C90: PR 65+0970 CONSTRUCCIÓN DE MURO DE PATA EN GAVIONES Y CUNETA
A91: 600.1.1 | B91: =MID(A91,1,3)&"-"&13 -> 600-13 | D91: =VLOOKUP(A91,[33]INDICE!$A$3:$D$334,2,FALSE) -> EXCAVACIONES VARIAS SIN CLASIFICAR | E91: =VLOOKUP(A91,[33]INDICE!$A$3:$D$334,3,FALSE) -> m3 | F91: 30 | G91: =VLOOKUP(A91,[33]INDICE!$A$3:$D$334,4,FALSE) -> 67953.95 | H91: =F91*G91 -> 2038618.5
A92: 610.1 | B92: =MID(A92,1,3)&"-"&13 -> 610-13 | D92: =VLOOKUP(A92,[33]INDICE!$A$3:$D$334,2,FALSE) -> RELLENOS PARA ESTRUCTURAS CON SUELO. | E92: =VLOOKUP(A92,[33]INDICE!$A$3:$D$334,3,FALSE) -> m3 | F92: 42 | G92: =VLOOKUP(A92,[33]INDICE!$A$3:$D$334,4,FALSE) -> 164362.89 | H92: =F92*G92 -> 6903241.5
A93: 630.6 | B93: =MID(A93,1,3)&"-"&13 -> 630-13 | D93: =VLOOKUP(A93,[33]INDICE!$A$3:$D$334,2,FALSE) -> CONCRETO RESISTENCIA 14MPA (F) | E93: =VLOOKUP(A93,[33]INDICE!$A$3:$D$334,3,FALSE) -> m3 | F93: 2 | G93: =VLOOKUP(A93,[33]INDICE!$A$3:$D$334,4,FALSE) -> 674387.02 | H93: =F93*G93 -> 1348774
A94: 671.3 | B94: =MID(A94,1,3)&"-"&13 -> 671-13 | D94: =VLOOKUP(A94,[33]INDICE!$A$3:$D$334,2,FALSE) -> CUNETA DE CONCRETO VACIADA IN SITU; INCLUYE LA CONFORMACION DE LA SUPERFICIE DE APOYO | E94: =VLOOKUP(A94,[33]INDICE!$A$3:$D$334,3,FALSE) -> m3 | F94: 5 | G94: =VLOOKUP(A94,[33]INDICE!$A$3:$D$334,4,FALSE) -> 841791.75 | H94: =F94*G94 -> 4208958.8
A95: 673.1.2 | B95: =MID(A95,1,3)&"-"&13 -> 673-13 | D95: =VLOOKUP(A95,[33]INDICE!$A$3:$D$334,2,FALSE) -> GEOTEXTIL TIPO T-2400 O SIMILAR TEJIDO | E95: =VLOOKUP(A95,[33]INDICE!$A$3:$D$334,3,FALSE) -> m2 | F95: 42 | G95: =VLOOKUP(A95,[33]INDICE!$A$3:$D$334,4,FALSE) -> 10983.835 | H95: =F95*G95 -> 461321.08
A96: 681.3 | B96: =MID(A96,1,3)&"-"&13 -> 681-13 | D96: =VLOOKUP(A96,[33]INDICE!$A$3:$D$334,2,FALSE) -> GAVIÓN DE MALLA DE ALAMBRE DE ACERO ENTRELAZADO CLASE 3; RECUBRIMIENTO DE ZINC (GALVANIZADO) Y PVC | E96: =VLOOKUP(A96,[33]INDICE!$A$3:$D$334,3,FALSE) -> m3 | F96: 56 | G96: =VLOOKUP(A96,[33]INDICE!$A$3:$D$334,4,FALSE) -> 430730.76 | H96: =F96*G96 -> 24120923
G97: VALOR BÁSICO | H97: =SUM(H91:H96) -> 39081837
G98: VALOR IVA (19% SOBRE UTILIDADES) | H98: =ROUND((+H97*0.05*0.19)/(1+0.3),0) -> 285598
G99: VALOR TOTAL DE LA OBRA | H99: =+ROUND(H97+H98,0) -> 39367435
C101: PR 66+0200 CONSTRUCCIÓN DE MURO EN GAVIONES, 6 ML
A102: 201.7 | B102: =MID(A102,1,3)&"-"&13 -> 201-13 | D102: =VLOOKUP(A102,[33]INDICE!$A$3:$D$334,2,FALSE) -> DEMOLICIÓN DE ESTRUCTURAS | E102: =VLOOKUP(A102,[33]INDICE!$A$3:$D$334,3,FALSE) -> m3 | F102: 2 | G102: =VLOOKUP(A102,[33]INDICE!$A$3:$D$334,4,FALSE) -> 240341.83 | H102: =F102*G102 -> 480683.65 | J102: 201.7
A103: 600.1.1 | B103: =MID(A103,1,3)&"-"&13 -> 600-13 | D103: =VLOOKUP(A103,[33]INDICE!$A$3:$D$334,2,FALSE) -> EXCAVACIONES VARIAS SIN CLASIFICAR | E103: =VLOOKUP(A103,[33]INDICE!$A$3:$D$334,3,FALSE) -> m3 | F103: 20 | G103: =VLOOKUP(A103,[33]INDICE!$A$3:$D$334,4,FALSE) -> 67953.95 | H103: =F103*G103 -> 1359079 | J103: 600,1,1
A104: 610.1 | B104: =MID(A104,1,3)&"-"&13 -> 610-13 | D104: =VLOOKUP(A104,[33]INDICE!$A$3:$D$334,2,FALSE) -> RELLENOS PARA ESTRUCTURAS CON SUELO. | E104: =VLOOKUP(A104,[33]INDICE!$A$3:$D$334,3,FALSE) -> m3 | F104: =+F103*0.6 -> 12 | G104: =VLOOKUP(A104,[33]INDICE!$A$3:$D$334,4,FALSE) -> 164362.89 | H104: =F104*G104 -> 1972354.7 | J104: 610.1
A105: 630.5 | B105: =MID(A105,1,3)&"-"&13 -> 630-13 | D105: =VLOOKUP(A105,[33]INDICE!$A$3:$D$334,2,FALSE) -> CONCRETO RESISTENCIA 17.5MPA (E ) | E105: =VLOOKUP(A105,[33]INDICE!$A$3:$D$334,3,FALSE) -> m3 | F105: 4 | G105: =VLOOKUP(A105,[33]INDICE!$A$3:$D$334,4,FALSE) -> 735031.05 | H105: =F105*G105 -> 2940124.2 | J105: 630.5
A106: 630.7 | B106: =MID(A106,1,3)&"-"&13 -> 630-13 | D106: =VLOOKUP(A106,[33]INDICE!$A$3:$D$334,2,FALSE) -> CONCRETO RESISTENCIA 14MPA (G) (CICLOPEO) | E106: =VLOOKUP(A106,[33]INDICE!$A$3:$D$334,3,FALSE) -> m3 | F106: 4 | G106: =VLOOKUP(A106,[33]INDICE!$A$3:$D$334,4,FALSE) -> 530138.01 | H106: =F106*G106 -> 2120552 | J106: 630.7
A107: 671.3 | B107: =MID(A107,1,3)&"-"&13 -> 671-13 | D107: =VLOOKUP(A107,[33]INDICE!$A$3:$D$334,2,FALSE) -> CUNETA DE CONCRETO VACIADA IN SITU; INCLUYE LA CONFORMACION DE LA SUPERFICIE DE APOYO | E107: =VLOOKUP(A107,[33]INDICE!$A$3:$D$334,3,FALSE) -> m3 | F107: 2 | G107: =VLOOKUP(A107,[33]INDICE!$A$3:$D$334,4,FALSE) -> 841791.75 | H107: =F107*G107 -> 1683583.5 | J107: 671.3
A108: 673.1.2 | B108: =MID(A108,1,3)&"-"&13 -> 673-13 | D108: =VLOOKUP(A108,[33]INDICE!$A$3:$D$334,2,FALSE) -> GEOTEXTIL TIPO T-2400 O SIMILAR TEJIDO | E108: =VLOOKUP(A108,[33]INDICE!$A$3:$D$334,3,FALSE) -> m2 | F108: =(6+2)*3 -> 24 | G108: =VLOOKUP(A108,[33]INDICE!$A$3:$D$334,4,FALSE) -> 10983.835 | H108: =F108*G108 -> 263612.04 | J108: 673.1
A109: 681.1 | B109: =MID(A109,1,3)&"-"&13 -> 681-13 | D109: =VLOOKUP(A109,[33]INDICE!$A$3:$D$334,2,FALSE) -> GAVIÓNES DE MALLA DE ALAMBRE DE ACERO ENTRELAZADO CLASE 1; RECUBRIMIENTO DE ZINC (GALVANIZADO) | E109: =VLOOKUP(A109,[33]INDICE!$A$3:$D$334,3,FALSE) -> m3 | F109: =6*5 -> 30 | G109: =VLOOKUP(A109,[33]INDICE!$A$3:$D$334,4,FALSE) -> 400986.6 | H109: =F109*G109 -> 12029598 | J109: 681.1
G110: VALOR BÁSICO | H110: =SUM(H102:H109) -> 22849587
G111: VALOR IVA (19% SOBRE UTILIDADES) | H111: =SUM(H110:H110)*0.05*0.19/1.3 -> 166977.75
G112: VALOR TOTAL DE LA OBRA | H112: =+ROUND(H110+H111,0) -> 23016565
C114: PR 67+0990 AL PR 68+0030 CONSTRUCCIÓN DE BORDILLO (INCLUYE CONTRAFUERTES PARA EVITAR VOLCAMIENTO), PARA EVITAR EROSIÓN EN TALUD INFERIOR
A115: 600.1.1 | B115: =MID(A115,1,3)&"-"&13 -> 600-13 | D115: =VLOOKUP(A115,[33]INDICE!$A$3:$D$334,2,FALSE) -> EXCAVACIONES VARIAS SIN CLASIFICAR | E115: =VLOOKUP(A115,[33]INDICE!$A$3:$D$334,3,FALSE) -> m3 | F115: =20*0.7*1.5 -> 21 | G115: =VLOOKUP(A115,[33]INDICE!$A$3:$D$334,4,FALSE) -> 67953.95 | H115: =F115*G115 -> 1427033 | J115: 600,1,1
A116: 610.1 | B116: =MID(A116,1,3)&"-"&13 -> 610-13 | D116: =VLOOKUP(A116,[33]INDICE!$A$3:$D$334,2,FALSE) -> RELLENOS PARA ESTRUCTURAS CON SUELO. | E116: =VLOOKUP(A116,[33]INDICE!$A$3:$D$334,3,FALSE) -> m3 | F116: 15 | G116: =VLOOKUP(A116,[33]INDICE!$A$3:$D$334,4,FALSE) -> 164362.89 | H116: =F116*G116 -> 2465443.4 | J116: 610.1
A117: 630.5 | B117: =MID(A117,1,3)&"-"&13 -> 630-13 | D117: =VLOOKUP(A117,[33]INDICE!$A$3:$D$334,2,FALSE) -> CONCRETO RESISTENCIA 17.5MPA (E ) | E117: =VLOOKUP(A117,[33]INDICE!$A$3:$D$334,3,FALSE) -> m3 | F117: 22 | G117: =VLOOKUP(A117,[33]INDICE!$A$3:$D$334,4,FALSE) -> 735031.05 | H117: =F117*G117 -> 16170683 | J117: 630.5
...

Sheet INF. EMERGENCIAS
A1: INSTITUTO NACIONAL DE VIAS
A2: DIRECCION TERRITORIAL ANTIOQUIA
A4: CUADRO No.8
A6: INFORMACION SOBRE EMERGENCIAS
A8: INGENIERO RESIDENTE: | C8: CARLOS MARIO MORENO IDÁRRAGA | G8: TRIMESTRE EVALUADO: | I8: JUL - SEP 2020
A10: FECHA | B10: CARRETERA | C10: CODIGO | D10: PRi | E10: PRf | F10: TIPO DE EMERGENCIA | G10: SOLUCION | H10: COSTO ESTIMADO ($) | I10: OBSERVACIONES
A11: 44016 | B11: LA UNION - SONSON | C11: 5601 | D11: 52+0240 | E11: 80+0200 | F11: MULTIPLES DERRUMBES Y CAIDA DE MULTIPLES DE ARBOLES | G11: ACORDONACION Y POSTERIOR RETIRO | H11: =26000000+1900000 -> 27900000 | I11: La emergencia fue atendida por: La microempresa Vias de Oriente, Alcaldia del Municipio de Sonson y la Administracion Vial Grupo 02
A23: NOTA (1): El costo debe incluir AIU e IVA (16% sobre utilidades)
H24: VOLVER A TABLA DE CONTENIDO

Sheet PUENTES
A1: INSTITUTO NACIONAL DE VIAS
A2: DIRECCION TERRITORIAL ANTIOQUIA
A4: CUADRO No. 9
A6: ESTADO GENERAL DE LOS PUENTES
A8: INGENIERO RESIDENTE: | D8: CARLOS MARIO MORENO IDÁRRAGA | J8: TRIMESTRE EVALUADO: | M8: JUL - SEP 2020
A10: No. | B10: NOMBRE DEL PUENTE | C10: PR inicial | D10: PR final | E10: Longitud (m) | F10: CARRETERA | G10: CODIGO DE LA VIA | H10: TRANSITO | J10: ESTADO GENERAL | N10: OBSERVACIONES
H11: Normal | I11: Restringido | J11: Estribos Aletas | K11: Vigas Losas | L11: Barandas | M11: Estado crítico inmediato
A12: 1 | B12: Piedras | C12: 57+0597 | D12: 57+0611 | E12: 13.45 | F12: La Unión - Sonsón | G12: 5601 | H12: X | N12: Se requiere obras para protección de aleta AL3, socavación de estribos E1 y E2. Algunos desprendimientos superficie y hormigoneos en la parte inferior de la losa, hormigoneos en VL3 y hormigoneos y hierro expuesto en VL4, riostra RI2 con fisuras.
A13: 2 | B13: San Miguel | C13: 61+0449 | D13: 61+0463 | E13: 14 | F13: La Unión - Sonsón | G13: 5601 | H13: X | N13: Daños tipo bache y desprendimientos en superficie de rodadura y vigas VL3, con hierro expuesto y humedad y VL4, con hierro expuesto.
A14: 3 | B14: El Cardal | C14: 68+0435 | D14: 68+0445 | E14: 9.8 | F14: La Unión - Sonsón | G14: 5601 | H14: X | N14: Desgaste superficie de rodadura y hormigoneos en losa inferior.
A15: 4 | B15: El Buey | C15: 72+0724 | D15: 72+0733 | E15: 9 | F15: La Unión - Sonsón | G15: 5601 | H15: X | N15: Superficie de rodadura con piel de cocodrilo y bache en el acceso AC2, socavación estribo ES1 y aleta AL1.
A16: 5 | B16: Aures | C16: 82+0184 | D16: 82+0195 | E16: 11.2 | F16: La Unión - Sonsón | G16: 5601 | H16: X | N16: Desgaste superficie de rodadura( fisuras en bloque), hormigoneos losa inferior entre VL1 y VL2. Vigas VL1, VL2 y VL3 con hormigoneos y hierro expuesto en VL2. Socavación aleta VL4.
A17: 6 | B17: Cartagena | C17: 83+0012 | D17: 83+0023 | E17: 11 | F17: La Unión - Sonsón | G17: 5601 | H17: X | N17: Desgaste superficie de rodadura con fisuras en bloque, daño en losa, fisuras en vigas VL1, VL2, VL3 y VL4, socavación estibo ES1, socavación en aletas VL1 Y VL2 y disipador de concreto, hasta el momento no se ha realizado inspección especial solicitada por las fisuras que presenta en vigas principales.
A18: 7 | B18: Quebrada Negra | C18: 86+0920 | D18: 86+0932 | E18: 11.5 | F18: La Unión - Sonsón | G18: 5601 | H18: X | N18: Desgaste en superficie de rodadura con exposición de acero. Las vigas VL1, VL2, VL3, y VL4. presentan fisuras a cortante.
A19: 8 | B19: Tasajo | C19: 93+0709 | D19: 93+0732 | E19: 23 | F19: La Unión - Sonsón | G19: 5601 | H19: X | N19: Desgaste en la carpeta de rodadura y huecos en la junta No.2. La losa inferior presenta hormigoneos. Viga VL4 presenta hormigoneo. Se requiere reparación de 2,0 m. de baranda metálica existente.
B21: CONVENCIONES:
B22: N.E. : No existe | F22: En buen estado | G22: En regular estado | J22: En mal estado | M22: x | N22: Se reparó en el presente mes
A25: NOTA: Se deben diligenciar todas las casillas.
L26: VOLVER A TABLA DE CONTENIDO

Sheet NEC PTES
A1: INSTITUTO NACIONAL DE VIAS
A2: DIRECCION TERRITORIAL ANTIOQUIA
A3: CUADRO No. 10
A5: PRIORIZACION PUENTES QUE REQUIEREN ATENCION - REHABILITACION Y CONSERVACION
A8: INGENIERO RESIDENTE: | D8: CARLOS MARIO MORENO IDÁRRAGA | I8: TRIMESTRE EVALUADO: | L8: JULIO - SEPTIEMBRE - 2020
A10: No. | B10: TERRITORIAL | C10: CODIGO DEL PUENTE (Sipucol) | D10: NOMBRE DEL PUENTE | E10: CALIFICACION | F10: TPDS | G10: LONG. (m) | H10: CARRETERA | I10: PR inicial | J10: PR final | K10: TIPO DAÑO | L10: DESCRIPCION DE LOS TRABAJOS | M10: COSTO APROXIMADO | O10: OBSERVACIONES
M11: $
M12: ESTUDIOS | N12: OBRA
A13: 1 | B13: ANTIOQUIA | C13: 01-5601-104.00 | D13: Piedras | E13: 2 | F13: 1935 | G13: 13.5 | H13: La Unión - Sonsón | I13: 57+0597 | J13: 57+0611 | K13: Socavación | L13: Obras para protección de aleta AL3 y socavación estribo E2. | N13: =+'CANT OBRA'!H1203 -> 59860493
A14: 2 | B14: ANTIOQUIA | C14: 01-5601-105.00 | D14: San Miguel | E14: 2 | F14: 1935 | G14: 14 | H14: La Unión - Sonsón | I14: 61+0449 | J14: 61+0463 | K14: Superficie de rodadura | L14: Reparación de superficie del puente, baches en la losa. | N14: =+'CANT OBRA'!H1215 -> 162539359 | O14: Superficie con daños tipo bache y desprendimientos
A15: 3 | B15: ANTIOQUIA | D15: El Buey | E15: 2 | F15: 511 | G15: 9 | H15: La Unión - Sonsón | I15: 72+0724 | J15: 72+0733 | K15: Socavación | L15: Recinte estribo ES1 y aleta AL1 | N15: =+'CANT OBRA'!H1229 -> 7368837 | O15: Se requiere recinte de estribo y aleta
A16: 4 | B16: ANTIOQUIA | C16: 01-5601-106.00 | D16: Aures | E16: 2 | F16: 511 | G16: 11.2 | H16: La Unión - Sonsón | I16: 82+0184 | J16: 82+0195 | K16: Socavación aleta VL4 | L16: Recinte aleta | N16: =+'CANT OBRA'!H1237 -> 4304800 | O16: Se requiere recinte de aleta
A17: 5 | B17: ANTIOQUIA | C17: 01-5601-107.00 | D17: Cartagena | E17: 4 | F17: 511 | G17: 11 | H17: La Unión - Sonsón | I17: 83+0012 | J17: 83+0023 | K17: Losa, vigas, estribos y aletas | L17: Reparación de losa, obras de protección de aletas AL1 y AL2 y disipadores de concreto, recinte de disipador a la salida de la corriente de agua. Inspección especial para revisar estado de las vigas ya que estas presentan fisuras a cortante. | M17: =+'CANT OBRA'!I1304 -> 51860200 | N17: =+'CANT OBRA'!H1252 -> 153897314 | O17: MITIGACIÓN. Se requieren obras de protección de aletas y disipadores existentes y reparar la losa. Requiere inspección especial
A18: 6 | B18: ANTIOQUIA | C18: 01-5601-108.00 | D18: Quebrada Negra | E18: 2 | F18: 511 | G18: 11.5 | H18: La Unión - Sonsón | I18: 86+0920 | J18: 86+0932 | K18: Superficie de rodadura | L18: Reparación de superficie de la losa del puente con acero expuesto. | N18: =+'CANT OBRA'!H1257 -> 8915011 | O18: Superficie con daño tipo desgaste
A19: 7 | B19: ANTIOQUIA | C19: 01-5601-109.00 | D19: Tasajo | E19: 2 | F19: 511 | G19: 23 | H19: La Unión - Sonsón | I19: 93+0709 | J19: 93+0732 | K19: Barandas | L19: Reparación de baranda metálica derecha, L=2,0m. | N19: =+'CANT OBRA'!H1263 -> 1467177
M24: =SUM(M17:M23) -> 51860200 | N24: =SUM(N13:N23) -> 398352991
A25: LOS VALORES REGISTRADOS EN LA COLUMNA COSTO ESTIMADO, DEBEN ESTAR ENLAZADOS CON EL HIPERVINCULO DEL CUADRO No. 7 "CALCULO DE CANTIDADES Y COSTOS ESTIMADOS DE NECESIDADES DE LAS VIAS", RESPECTIVO.
L26: Valor Interven. | N26: =0.2*(N24-N25) -> 79670598
L28: Valor Necesidades | N28: =+N24-N25+N26 -> 4.7802359e+08
M30: VOLVER A TABLA DE CONTENIDO

Sheet PONTONES
A1: INSTITUTO NACIONAL DE VIAS
A2: DIRECCION TERRITORIAL ANTIOQUIA
A4: CUADRO No. 11
A6: ESTADO GENERAL DE LOS PONTONES
A9: INGENIERO RESIDENTE: | D9: CARLOS MARIO MORENO IDÁRRAGA | I9: TRIMESTRE EVALUADO: | K9: JUL - SEP 2020
F11: TRANSITO | H11: ESTADO GENERAL
A12: No. | B12: PR inicial | C12: PR final | D12: CARRETERA | E12: CODIGO | F12: Normal | G12: Restringido | H12: Estribos Aletas | I12: Vigas Losas | J12: Barandas | K12: Estado crítico inmediato | L12: OBSERVACIONES
A13: 1 | B13: 58+240 | C13: 58+245 | D13: La Unión - Sonsón | E13: 5601 | F13: X | J13: N.E. | L13: Actualmente las barandas son defensas metálicas
A14: 2 | B14: 70+190 | C14: 70+194 | D14: La Unión - Sonsón | E14: 5601 | F14: X
A15: 3 | B15: 77+961 | C15: 77+963 | D15: La Unión - Sonsón | E15: 5601 | F15: X | J15: N.E. | L15: No tiene barandas
A16: 4 | B16: 80+580 | C16: 80+582 | D16: La Unión - Sonsón | E16: 5601 | F16: X
A17: 5
A18: 6
A19: 7
A20: 8
A21: 9
A22: 10
A24: CONVENCIONES:
A25: N.E. : No existe | D25: En buen estado | E25: En regular estado | H25: En mal estado | K25: x | L25: Se reparó en el presente mes
A28: NOTA: Se deben diligenciar todas las casillas. | K28: VOLVER A TABLA DE CONTENIDO

Sheet NEC. PONTONES
A1: INSTITUTO NACIONAL DE VIAS
A2: DIRECCION TERRITORIAL ANTIOQUIA
A4: CUADRO No. 12
A6: NECESIDADES DE LOS PONTONES
A9: INGENIERO RESIDENTE: | B9: CARLOS MARIO MORENO I. | E9: TRIMESTRE EVALUADO: | F9: JULIO - SEPTIEMBRE 2020
A11: CARRETERA | B11: CODIGO | C11: PR inicial | D11: PR final | E11: DESCRIPCION DE LA NECESIDAD | F11: COSTO ESTIMADO ($) | G11: OBSERVACIONES
A12: La Unión - Sonsón | B12: 5601 | C12: 58+0240 | D12: 58+0245 | E12: Recinte estribo de salida | F12: =+'CANT OBRA'!H1273 -> 3546061
A28: LOS VALORES REGISTRADOS EN LA COLUMNA COSTO ESTIMADO, DEBEN ESTAR ENLAZADOS CON EL HIPERVINCULO DEL CUADRO No. 7 "CALCULO DE CANTIDADES Y COSTOS ESTIMADOS DE NECESIDADES DE LAS VIAS", RESPECTIVO.
A29: NOTA (1): El costo debe incluir AIU e IVA (16% sobre utilidades)
A30: Se deben diligenciar todas las casillas. | F30: VOLVER A TABLA DE CONTENIDO

Sheet TUNELES
A1: INSTITUTO NACIONAL DE VIAS
A2: DIRECCION TERRITORIAL ANTIOQUIA
A4: CUADRO No. 13
A6: ESTADO GENERAL DE LOS TUNELES
A8: INGENIERO RESIDENTE: | C8: CARLOS MARIO MORENO IDÁRRAGA | N8: TRIMESTRE EVALUADO: | Q8: JULIO - SEPTIEMBRE 2020
A11: CARRETERA | B11: CODIGO | C11: NOMBRE DEL TUNEL | D11: LOCALIZACIÓN | G11: TIPO TUNEL | H11: ESTADO GENERAL | T11: OBSERVACIONES
D12: PR inicial | E12: PR final | F12: LONG. TOTAL (m) | H12: ILUMINACIÓN | I12: VENTILACIÓN | J12: SEÑALIZACIÓN | M12: HASTIAL IZQUIERDO | N12: HASTIAL DERECHO | O12: BOVEDA | P12: RASANTE | Q12: SISTEMA DE DRENAJE | R12: PUESTOS DE EMERGENCIA | S12: PROTECCIÓN CONTRA INCENDIOS
J13: HORIZONTAL | K13: VERTICAL | L13: No. SEÑALES FALTANTES
A15: NO HAY TUNELES EN EL SECTOR
A31: N.E. : No existe | C31: En buen estado | F31: En regular estado | I31: En mal estado | L31: x | M31: Se reparó en el presente mes
Q32: VOLVER A TABLA DE CONTENIDO
A33: TIPO TUNEL: | B33: UNIDIRECCIONAL
B34: BIDIRECCIONAL

Sheet NECESIDADES EN TÚNELES
A1: INSTITUTO NACIONAL DE VIAS
A2: DIRECCION TERRITORIAL ANTIOQUIA
A4: CUADRO No. 14
A6: NECESIDADES DE LOS TUNELES
A8: INGENIERO RESIDENTE: | C8: CARLOS MARIO MORENO IDÁRRAGA | H8: TRIMESTRE EVALUADO: | J8: JULIO - SEPTIEMBRE 2020
A11: CARRETERA | B11: CODIGO | C11: NOMBRE TUNEL | D11: LOCALIZACIÓN | G11: TIPO DAÑO | H11: DESCRIPCIÓN DE LOS TRABAJOS | I11: COSTO APROXIMADO ( $ ) | K11: OBSERVACIONES
D12: PR inicial | E12: PR final | F12: LONG. TOTAL (m)
I13: ESTUDIOS | J13: OBRA
A14: NO HAY TUNELES EN EL SECTOR
A29: LOS VALORES REGISTRADOS EN LA COLUMNA COSTO ESTIMADO, DEBEN ESTAR ENLAZADOS CON EL HIPERVINCULO DEL CUADRO No. 7 "CALCULO DE CANTIDADES Y COSTOS ESTIMADOS DE NECESIDADES DE LAS VIAS", RESPECTIVO.
J31: VOLVER A TABLA DE CONTENIDO

Sheet Señalización Vertical
A1: INSTITUTO NACIONAL DE VIAS
A2: DIRECCION TERRITORIAL: ANTIOQUIA
A3: CUADRO No.15
A4: ESTADO DE LA SEÑALIZACION VERTICAL Y SEÑALIZACION VERTICAL FALTANTE.
A6: RUTA: | B6: 56 | R6: TRAMO: | U6: 1
D8: SEÑALES SP, SR Y SI | H8: PASAVIAS | L8: SEÑALES TIPO BANDERA | P8: SEÑALES SI 05 Y SI 06 | T8: DELINEADORES DE CURVA | X8: POSTES DE REFERENCIACIÓN | AB8: DEFENSAS METÁLICAS
A9: RUTA | B9: TRAMO | C9: Km. | D9: B | E9: R | F9: M | G9: F | H9: B | I9: R | J9: M | K9: F | L9: B | M9: R | N9: M | O9: F | P9: B | Q9: R | R9: M | S9: F | T9: B | U9: R | V9: M | W9: F | X9: B | Y9: R | Z9: M | AA9: F | AB9: B | AC9: R | AD9: M | AE9: F
D10: Und | E10: Und | F10: Und | G10: Und | H10: Und | I10: Und | J10: Und | K10: Und | L10: Und | M10: Und | N10: Und | O10: Und | P10: Und | Q10: Und | R10: Und | S10: Und | T10: Und | U10: Und | V10: Und | W10: Und | X10: Und | Y10: Und | Z10: Und | AA10: Und | AB10: ml | AC10: ml | AD10: ml | AE10: ml
A11: (1) | B11: (2) | C11: (3) | D11: (4) | E11: (5) | F11: (6) | G11: (7) | H11: (8) | I11: (9) | J11: (10) | K11: (11) | L11: (12) | M11: (13) | N11: (14) | O11: (15) | P11: (16) | Q11: (17) | R11: (18) | S11: (19) | T11: (20) | U11: (21) | V11: (22) | W11: (23) | X11: (24) | Y11: (25) | Z11: (26) | AA11: (27) | AB11: (28) | AC11: (29) | AD11: (30) | AE11: (31)
A13: 56 | B13: 01 | C13: 53.74 | D13: 723 | E13: 68 | F13: 19 | G13: 234 | H13: 0 | I13: 0 | J13: 0 | K13: 0 | L13: 1 | M13: 0 | N13: 1 | O13: 0 | P13: 6 | Q13: 0 | R13: 1 | S13: =6+2-6 -> 2 | T13: 512 | U13: 2 | V13: 0 | W13: =314*2+6 -> 634 | X13: 54 | Y13: 1 | Z13: 0 | AA13: 0 | AB13: 3261 | AC13: 84 | AD13: 4 | AE13: =6184+20*4 -> 6264
A19: TOTALES:
A21: CONVENCIONES Y DESCRIPCION.
A23: (1): Identificación de la Ruta de acuerdo con la nomenclatura vial vigente.
A24: (2): Identificación del tramo de acuerdo con la nomenclatura vial vigente.
A25: (3): Longitud del tramo en kilómetros.
A26: (4), (8), (12), (16), (20): B= Número de señales instaladas en el tramo que se encuentran en buen estado. Se deben incluir las señales que se encuentren en perfecto estado en cuanto a
A27: legibilidad, reflectividad, pintura de postes y de parales, pintura posterior y cimientos.
A28: (5), (9), (13), (17), (21): R = Número de señales instaladas en el tramo que se encuentran en regular estado. Se deben incluir las señales que se encuentren en regular estado en cuanto a
A29: legibilidad, reflectividad, pintura de postes y de parales, pintura posterior y cimientos, pero que por su nivel de deterioro sean susceptibles de incluir en programas de recuperación y/o mantenimiento.
A30: (6), (10), (14), (18), (22): M = Número de señales instaladas en el tramo que se encuentran en mal estado. Se deben incluir las señales que por su estado de deterioro no brindan ninguna
A31: información al usuario de la vía y que no sean susceptibles de incluir en programas de recuperación y mantenimiento, requiriendo su reposición y remoción.
A32: (7), (11), (15), (19), (23): F = Número de señales faltantes que se requieren y no han sido instaladas (sin incluir las que se encuentran en regular y en mal estado).
... A41: (31): Metros lineales de defensas metálica faltantes que se requieren y que no han sido instalados (sin incluir los que se encuentran en regular y en mal estado).
W43: VOLVER A TABLA DE CONTENIDO

Sheet Señalización Horizontal
A1: INSTITUTO NACIONAL DE VIAS
A2: DIRECCION TERRITORIAL: ANTIOQUIA
A3: CUADRO No.16
A4: ESTADO DE LA SEÑALIZACION HORIZONTAL Y SEÑALIZACION HORIZONTAL FALTANTE.
A6: RUTA: | C6: 56 | J6: TRAMO: | L6: 1
D8: LINEAS DE DEMARCACIÓN CON PINTURA ACRÍLICA | H8: LINEAS DE DEMARCACIÓN CON RESINAS TERMOPLÁSTICAS | L8: MARCAS VIALES | P8: TACHAS REFLECTIVAS
A10: RUTA | B10: TRAMO | C10: Km. | D10: B | E10: R | F10: M | G10: F | H10: B | I10: R | J10: M | K10: F | L10: B | M10: R | N10: M | O10: F | P10: INST | Q10: F
D11: ml | E11: ml | F11: ml | G11: ml | H11: ml | I11: ml | J11: ml | K11: ml | L11: m2 | M11: m3 | N11: m4 | O11: m5 | P11: und | Q11: und
A12: (1) | B12: (2) | C12: (3) | D12: (4) | E12: (5) | F12: (6) | G12: (7) | H12: (8) | I12: (9) | J12: (10) | K12: (11) | L12: (12) | M12: (13) | N12: (14) | O12: (15) | P12: (16) | Q12: (17)
A14: 56 | B14: 01 | C14: 53.74 | D14: 0 | E14: 0 | F14: =53.74*1000*3+200+1300-(H14+I14+J14) -> 162209 | G14: 0 | H14: 0 | I14: 0 | J14: 511 | K14: 0 | L14: =614+128 -> 742 | M14: 0 | N14: =2388-L14 -> 1646 | O14: =4*26*0.6*7*(1.2) -> 524.16 | P14: =(5786-42+342+(20+30+60+78))*0.8 -> 5019.2 | Q14: =50000/12*3-P14 -> 7480.8 | U14: =E14+F14+G14 -> 162209
A19: TOTALES:
A21: CONVENCIONES Y DESCRIPCION.
A22: (1): Identificación de la Ruta de acuerdo con la nomenclatura vial vigente.
A23: (2): Identificación del tramo de acuerdo con la nomenclatura vial vigente.
A24: (3): Longitud del tramo en kilómetros.
A25: (4), (8): B= ml. de pintura acrílica o termoplástica que se encuentran en buen estado en cuanto a definición de líneas de demarcación y reflectividad
A26: (5), (9): R= Metros lineales pintura acrílica o termoplástica que se encuentran en regular estado por no presentar buena definición
B27: de líneas de demarcación o de reflectividad.
A28: (6), (10): M= Metros lineales de pintura acrílica o termoplástica que se encuentran en mal estado por no brindar ningún tipo de
B29: servicio al usuario ante la falta de definición en la línea de demarcación y en la reflectividad.
A30: (7), (11): F= Metros lineales de pintura acrílica y termoplástica faltante.
A31: (12): B= Metros cuadrados de marcas viales que se encuentran en buen estado en cuanto a definición y reflectividad.
A32: (13): R= Metros cuadrados de marcas viales que se encuentran en regular estado en cuanto a definición y reflectividad.
A33: (14): M= Metros cuadrados de marcas viales que se encuentran en mal estado en cuanto a definición y reflectividad.
A34: (15): F= Metros cuadrados de marcas viales faltantes.
A35: (16): Número de Tachas reflectivas instaladas.
A36: (17): Número de Tachas reflectivas faltantes.
N38: VOLVER A TABLA DE CONTENIDO

Sheet ACCIDENTALIDAD
A1: INSTITUTO NACIONAL DE VIAS
A2: DIRECCION TERRITORIAL ANTIOQUIA
A4: CUADRO No. 17
A6: INFORME DE ACCIDENTALIDAD MES JUNIO - JULIO 2020
A8: INGENIERO RESIDENTE: | C8: CARLOS MARIO MORENO IDÁRRAGA | H8: TRIMESTRE EVALUADO: | J8: JULIO - SEPTIEMBRE 2020
A10: FECHA | B10: HORA | C10: CARRETERA | D10: CODIGO | E10: PR | F10: HERIDOS | G10: MUERTOS | H10: CLASE DE ACCIDENTE | I10: CAUSAS APARENTES O PROBABLES | J10: TIPO DE VEHICULO
A11: 44004 | B11: 0.16666667 | C11: LA UNIÓN- SONSÓN | D11: 5601 | E11: 55-0050 | F11: 0 | G11: 0 | H11: OTRO | I11: NO DETERMINADA | J11: CAMIÓN
A12: 43998 | B12: 0.89583333 | C12: LA UNIÓN- SONSÓN | D12: 5601 | E12: 94+0800 | F12: 1 | G12: 0 | H12: CHOQUE | I12: SALIRSE DE LA VÍA | J12: CAMIÓN-CAMIÓN
A13: 44008 | B13: 0.83333333 | C13: LA UNIÓN- SONSÓN | D13: 5601 | E13: 100+0689 | F13: 2 | G13: 0 | H13: CHOQUE | I13: NO CAMBIAR LUCES | J13: CAMPERO-CAMPERO
A14: 44000 | B14: 0.43055556 | C14: LA UNIÓN- SONSÓN | D14: 5601 | E14: 100+800 | F14: 1 | G14: 0 | H14: CAIDA DEL OCUPANTE | I14: FALLAS EN LAS LLANTAS | J14: MOTOCICLETA
A15: 44025 | B15: 0.47916667 | C15: LA UNIÓN- SONSÓN | D15: 5601 | E15: 49+854 | F15: 1 | G15: 0 | H15: ATROPELLO | I15: TRANSITAR DISTANTE DE LA ORILLA DE LA CALZADA | J15: MOTOCICLETA
A23: CLASE DE ACCIDENTE: Choque,volcamiento, salida de la vía, etc.
A24: CAUSA: | C24: Exceso de velocidad, embriaguez, superficie de la vía, hueco, etc.
A25: TIPO DE VEHICULO: | C25: Motocicleta, automóvil, camión, bus, etc.
I27: VOLVER A TABLA DE CONTENIDO

Sheet DEFENSA VIAS
A1: INSTITUTO NACIONAL DE VIAS
A2: DIRECCION TERRITORIAL ANTIOQUIA
A4: CUADRO No. 18
A6: RESUMEN DE ACTIVIDADES PARA EL BUEN USO Y DEFENSA DE LAS VIAS
A8: INGENIERO RESIDENTE: | C8: CARLOS MARIO MORENO IDÁRRAGA | F8: TRIMESTRE EVALUADO: | H8: JULIO - SEPTIEMBRE 2020
A11: PERIODO | B11: VALLAS INVENTARIADAS | C11: VALLAS RETIRADAS | D11: AVISOS INVENTARIADOS | E11: AVISOS RETIRADOS | F11: CORRIMIENTO CERCAS (ml) | G11: EMPRADIZACION (M2) | H11: ERRADICACION BASUREROS (No.) | I11: ARBORIZACION
A12: ENERO | B12: 0 | C12: 0 | D12: 0 | E12: 0 | F12: 0 | G12: 0 | H12: 0 | I12: 0
A13: FEBRERO | B13: 0 | C13: 0 | D13: 0 | E13: 0 | F13: 0 | G13: 0 | H13: 0 | I13: 0
A14: MARZO | B14: 0 | C14: 0 | D14: 0 | E14: 0 | F14: 0 | G14: 0 | H14: 0 | I14: 0
A15: ABRIL | B15: 0 | C15: 0 | D15: 0 | E15: 0 | F15: 0 | G15: 0 | H15: 0 | I15: 0
A16: MAYO | B16: 0 | C16: 0 | D16: 0 | E16: 0 | F16: 0 | G16: 0 | H16: 0 | I16: 0
A17: JUNIO | B17: 0 | C17: 0 | D17: 0 | E17: 0 | F17: 0 | G17: 0 | H17: 0 | I17: 0
A19: ACUMULADO | B19: 0 | C19: 0 | D19: 0 | E19: 0 | F19: 0 | G19: 0 | H19: 0 | I19: 0
G23: VOLVER A TABLA DE CONTENIDO

Sheet SEGUIMIENTO
A1: INSTITUTO NACIONAL DE VIAS
A2: ADMINISTRACION VIAL GRUPO__02__ TERRITORIAL___ANTIOQUIA__________
A3: CUADRO No. 19
A4: SEGUIMIENTO DE FUNCIONES TECNICAS Y ADMINISTRATIVAS 2020-2022
A6: No. | B6: ACTIVIDAD | C6: 2020 | O6: 2021 | AA6: 2022 | AH6: OBSERVACIONES
C7: Ene | D7: Feb | E7: Mar | F7: Abr | G7: May | H7: Jun | I7: Jul | J7: Ago | K7: Sep | L7: Oct | M7: Nov | N7: Dic | O7: Ene | P7: Feb | Q7: Mar | R7: Abr | S7: May | T7: Jun | U7: Jul | V7: Ago | W7: Sep | X7: Oct | Y7: Nov | Z7: Dic | AA7: Ene | AB7: Feb | AC7: Mar | AD7: Abr | AE7: May | AF7: Jun | AG7: Jul
A8: 1 | B8: Participar activamente en la prevención de riesgos y atención de las emergencias que se presenten en las vías-Elaborar directorio de emergencias | D8: X
A9: 2 | B9: Alertar oportunamente al INVÍAS sobre la necesidad de diseñar y construir obras especiales para la mitigación de la inestabilidad en sitios críticos | C9: X | D9: X | I9: X | J9: X | K9: X
A10: 3 | B10: Informar oportunamente al INVIAS sobre la necesidad de diseñar obras y adelantar acciones en relación con el entorno de la vía, encaminadas a su ornato, a la preservación del medio ambiente y a la contaminación visual | I10: X
A11: 4 | B11: Planear, organizar, dirigir, coordinar, evaluar y controlar las actividades de los trabajadores de mantenimiento rutinario encargados del mantenimiento rutinario de las carreteras que se le asignen y ejercer su interventoría | C11: X | D11: X | E11: X | F11: X | G11: X | H11: X | I11: X | J11: X | K11: X
A12: 5 | B12: Actualizar los costos de mantenimiento vial (Análisis de Precios Unitarios – APU) y suministrar la información requerida para los sistemas de administración de carreteras que utiliza INVÍAS | E12: X
A13: 6 | B13: Mantener actualizado el sistema de referenciación vial, con base en la información que le suministre INVÍAS y reponer los postes de referencia que hagan falta en las vías a su cargo y realizar visitas técnicas de auscultación para el diagnóstico del estado general de las obras ejecutadas mediante contratos y que tienen póliza de estabilidad vigente, según relación de contratos y programación que les será entregada por INVIAS
A14: 7 | B14: Inspeccionar los puentes de manera rutinaria, dirigir y verificar su mantenimiento rutinario y periódico | C14: X | D14: X | G14: X | H14: X | I14: X | J14: X | K14: X
A15: 8 | B15: Capacitar cada mes a los trabajadores de mantenimiento rutinario a su cargo, en los temas relacionados con el mantenimiento rutinario de carreteras, de puentes, aspectos administrativos y de economía solidaria | C15: X | D15: X | G15: X | H15: X | I15: X | J15: X
A16: 9 | B16: Participar en las reuniones de coordinación con la Dirección Territorial, evaluaciones y programas de transferencia de tecnología que INVÍAS programe para los ingenieros de la administración vial, en diferentes sitios del país | D16: X | E16: X
A17: 10 | B17: Evaluar con criterio de transitabilidad (visual) el estado de la red vial a su cargo con la metodología suministrada por el INVIAS | G17: X | I17: X | K17: X
A18: 11 | B18: Apoyar la GESTION de la Territorial en los contratos que ejecute el INVÍAS en sectores de carreteras a su cargo | C18: X | D18: X
A19: 12 | B19: Establecer las necesidades de las vías y puentes en materia de señalización vertical y horizontal, llevar un inventario de necesidades de señalización | D19: X | G19: X | H19: X | I19: X | K19: X
A20: 13 | B20: Recolección, digitación y reporte de la información relacionada con la accidentalidad ocurrida en los tramos de carreteras, así como la realización de estudios y presentación de recomendaciones técnicas encaminadas al mejoramiento de la seguridad vial | D20: X | F20: X | G20: X | J20: X | K20: X
A21: 14 | B21: Proporcionar datos para el cálculo del patrimonio de las vías objeto del contrato | AH21: ( ! )
A22: 15 | B22: Velar por el cumplimiento de la reglamentación referente al buen uso y defensa de las vías y gestionar acciones que brinden servicios a los usuarios de las carreteras en coordinación con las Territoriales y las autoridades locales competentes | C22: X | D22: X | F22: X | G22: X | H22: X | I22: X | J22: X
A23: 16 | B23: Supervisar la elaboración de los conteos manuales de tránsito, revisar la información de campo que se enviará a planta central para su procesamiento y verificar los operativos de control de carga | AH23: ( ! )
A24: 17 | B24: Llevar a efecto la toma de información y/ó ajustes de la vía a su cargo con un equipo de GPS | K24: X | AH24: ( ! )
A25: 18 | B25: Realizar estimativos sobre la vida residual de los pavimentos de los sectores a su cargo
A26: 19 | B26: Evaluar con criterio técnico el estado de la red vial semestralmente con la metodología suministrada por el INVIAS | G26: X | H26: X | K26: X
A27: 20 | B27: Realizar la Interventoría de las obras que le sean asignadas, siguiendo las actividades contenidas en el Manual de Interventoría adoptado mediante Resolución Nº 9337 del 30 de diciembre de 2016 ó el que esté vigente | C27: X | D27: X
A28: 21 | B28: Colaborar en la toma de la georreferenciación desarrollada por el INVIAS para la actualización del mapa digital de la red vial y mantener al día la información del inventario vial, a través del Sistema de Información Geográfico - HERMES - del INVIAS | F28: X | G28: X | H28: X | AH28: ( ! )
A29: 22 | B29: Efectuar estudios tendientes a solucionar problemas de inestabilidad en las vías a su cargo, cuando se lo requiera el INVIAS y su costo se encuentre dentro del presupuesto de su propuesta
A30: 23 | B30: Participar activamente en la etapa de transición e implementación del Sistema de Información Vial - HERMES, realizando de manera permanente el cargue, actualización, mantenimiento y demás actividades derivadas de la información del inventario vial, eventos de emergencias, accidentalidad y estado de la superficie (criterio técnico), dispuesta a través del Sistema de Información Vial - HERMES, con usuario y contraseña asignado por la administración del Sistema | D30: X | E30: X | H30: X | I30: X | K30: X
A31: 24 | B31: Ejecutar obras menores preventivas y de mantenimiento rutinario, con mano de obra de los trabajadores de mantenimiento rutinario, aprobadas por la Dirección Territorial, quien suministrará los recursos necesarios y disponibles
A32: 25 | B32: Recolección, digitación y reporte de la información relacionada con el atropellamiento de fauna ocurrida en los tramos de carreteras, así como la realización de estudios preliminares y presentación de recomendaciones técnicas encaminadas al establecimiento de pasos de fauna, de acuerdo con la metodología planteada por el INVIAS
A33: 26 | B33: Prestar apoyo al programa de gestión de infraestructura que adelante el INVIAS. En coordinación con la Subdirección de Estudios e Innovación y la Dirección Territorial, el Administrador Vial deberá apoyar todas las labores que correspondan a los contratos y convenios que ejecute INVIAS, para el desarrollo del programa de gestión de infraestructura en las vías a su cargo, e igualmente apoyará en el levantamiento de la información respectiva de acuerdo a la metodología suministrada por INVIAS
A35: ( ! ) | B35: Anticipadamente se informará la fecha de realización de esta actividad.
AH36: VOLVER A TABLA DE CONTENIDO

Sheet CUANTI AMV
A1: INSTITUTO NACIONAL DE VIAS
A3: CUADRO No. 20
A4: FICHA CUANTITATIVA DE LOS ADMINISTRADORES VIALES
A7: GRUPO | B7: ADMINISTRADOR | C7: CTO No. | D7: Vr. CONTRATO | E7: FECHA | F7: FECHA | G7: KMS A | H7: VEHICULOS | K7: OBSERVACIONES
B8: VIAL | E8: INICIACION | F8: TERMINACION | G8: ATENDER | H8: PLACA | I8: CLASE | J8: MODELO
A9: 2 | B9: ARA INGENIERIA S.A.S | C9: 2461 - 2019 | D9: 1276845362 | E9: 43831 | F9: 44773 | G9: 53.74 | H9: HSU 735 | I9: CAMPERO | J9: 2014
A24: NOTA: Relacionar contrato principal y adicionales. | I24: VOLVER A TABLA DE CONTENIDO

Sheet CUALI AMV
A1: INSTITUTO NACIONAL DE VIAS
A3: CUADRO No. 21
A4: FICHA CUALITATIVA DE LOS ADMINISTRADORES VIALES
A7: GRUPO | B7: ADMINISTRADOR | C7: NIT Ó | D7: REPRESENTANTE | E7: INGENIERO | F7: INGENIERO | G7: DIRECCION
B8: VIAL | C8: C.C. | D8: LEGAL | E8: RESIDENTE | F8: AUXILIAR | G8: OFICINA
A9: 1
A10: 2 | B10: ARA INGENIERIA S.A.S | C10: 830.068.724-8 | D10: KERLY GIOVANNA CUELLAR OBREGÓN | E10: CARLOS MARIO MORENO IDÁRRAGA | F10: N/A | G10: Calle 7 No 10 - 46, La Unión Antioquia
A11: 3
A12: 4
A15: GRUPO | B15: CORREO | C15: TELEFONOS | F15: SECTOR A CARGO | G15: PR i | H15: PR f
B16: ELECTRONICO | C16: RES | D16: OFIC. | E16: CELULAR
A17: 1
A21: 2 | B21: amvantioquia02@gmail.com | C21: N/A | D21: 4-556 22 90 | E21: 3112100453 | F21: La Unión - La Frontera - Sonsón, Ruta 5601 | G21: 49+0000 | H21: 103+0000
A25: 3
A29: 4
F31: VOLVER A TABLA DE CONTENIDO

Sheet CUANTI MR
A1: INSTITUTO NACIONAL DE VIAS
A3: CUADRO No. 22
A4: FICHA CUANTITATIVA CONTRATISTA MANTENIMIENTO RUTINARIO
A6: DIRECCION TERRITORIAL: | D6: ANTIOQUIA
A8: GRUPO | B8: NOMBRE | C8: TIPO DE TERRENO | G8: TOTAL | H8: VALOR | I8: VALOR TOTAL | J8: No. | K8: No. CTO | L8: VIGENCIA CONTRATO
B9: CONTRATISTA MR | C9: I | D9: II | E9: III | F9: IV | G9: (KMS) | H9: CONTRATO | I9: CONTRATOS | J9: SOCIOS | K9: Ppal y adic | L9: INICIO | M9: TERMINACION
A11: 2 | B11: Vias de Oriente S.A.S | C11: 0 | D11: 0 | E11: 53.74 | F11: 0 | G11: =+C11+D11+E11+F11 -> 53.74 | H11: 2350959240 | I11: =+H11 -> 2350959240 | J11: 18 | K11: 2196-2019 | L11: 43801 | M11: 44773
B26: TOTALES | C26: =SUM(C10:C25) -> 0 | D26: =SUM(D10:D25) -> 0 | E26: =SUM(E10:E25) -> 53.74 | F26: =SUM(F10:F25) -> 0 | G26: =SUM(G10:G25) -> 53.74 | H26: =SUM(H10:H25) -> 2350959240 | I26: =SUM(I10:I25) -> 2350959240 | J26: =SUM(J10:J25) -> 18
J28: VOLVER A TABLA DE CONTENIDO

Sheet CUALI MR
A1: INSTITUTO NACIONAL DE VIAS
A3: CUADRO No. 23
A4: FICHA CUALITATIVA CONTRATISTA MANTENIMIENTO RUTINARIO
A6: DIRECCION TERRITORIAL: | C6: ANTIOQUIA
A9: GRUPO | B9: NOMBRE | C9: REPRESENTANTE | D9: NIT ó | E9: DIRECCION | F9: TELEFONO | G9: CODIGO | H9: SECTOR | I9: ABSCISA | K9: ADMINISTRADOR
B10: CONTRATISTA MR | C10: LEGAL | D10: C.C. | F10: y/ó CELULAR | G10: DE LA VIA | I10: PR I | J10: PR F | K10: VIAL
A11: 2 | B11: VIAS DE ORIENTE S.A.S | C11: LUIS JOSE OSORIO BUITRAGO | D11: 900.470.729-0 | E11: Calle 12 No 13-60. La Union - Antioquia | F11: 314 614 55 64 | G11: 5601 | H11: La Union - La Frontera - Sonsón | I11: 49+0000 | J11: 103+0000 | K11: ARA INGENIERIA S.A.S
I25: VOLVER A TABLA DE CONTENIDO

Sheet INTERVENTORIA DE CONTRATOS
B1: INSTITUTO NACIONAL DE VIAS
B2: DIRECCION TERRITORIAL ANTIOQUIA
B4: CUADRO No. 24
B6: INFORMACIÓN DE INTERVENTORIAS A CONTRATOS DE OBRA
B8: INGENIERO RESIDENTE: | C8: CARLOS MARIO MORENO IDÁRRAGA | H8: TRIMESTRE EVALUADO: | J8: JULIO - SEPTIEMBRE 2020
A11: No. CONTRATO PRINCIPAL | B11: OBJETO | C11: CONTRATISTA | D11: PLAZO | G11: FECHA INICIO | H11: FECHA FINALIZACIÓN | I11: VALOR CONTRATO $ | L11: OBSERVACIONES
D12: INICIAL | E12: ADICIONAL | F12: FINAL | I12: BASICO | J12: IVA | K12: TOTAL
A14: NO SE REALIZARON EN ESTE TRIMESTRE NINGUN CONTRATO EN EL TRAMO
A22: NOTA: Reportar la información de los contratos de obra a los cuales les efectúa interventoría, diferentes a los de mantenimiento rutinario con microempresas.
J24: VOLVER A TABLA DE CONTENIDO

Sheet FOTOG
A1: INSTITUTO NACIONAL DE VIAS | G1: INSTITUTO NACIONAL DE VIAS | M1: INSTITUTO NACIONAL DE VIAS | S1: INSTITUTO NACIONAL DE VIAS | Y1: INSTITUTO NACIONAL DE VIAS | AE1: INSTITUTO NACIONAL DE VIAS | AK1: INSTITUTO NACIONAL DE VIAS | AQ1: INSTITUTO NACIONAL DE VIAS | AW1: INSTITUTO NACIONAL DE VIAS | BC1: INSTITUTO NACIONAL DE VIAS
A3: DIRECCION TERRITORIAL ANTIOQUIA | G3: DIRECCION TERRITORIAL ANTIOQUIA | M3: DIRECCION TERRITORIAL ANTIOQUIA | S3: DIRECCION TERRITORIAL ANTIOQUIA | Y3: DIRECCION TERRITORIAL ANTIOQUIA | AE3: DIRECCION TERRITORIAL ANTIOQUIA | AK3: DIRECCION TERRITORIAL ANTIOQUIA | AQ3: DIRECCION TERRITORIAL ANTIOQUIA | AW3: DIRECCION TERRITORIAL ANTIOQUIA | BC3: DIRECCION TERRITORIAL ANTIOQUIA
A7: RESEÑA 1 - FOTOGRAFICA | G7: RESEÑA 1 - FOTOGRAFICA | M7: RESEÑA 1 - FOTOGRAFICA | S7: RESEÑA 1 - FOTOGRAFICA | Y7: RESEÑA 1 - FOTOGRAFICA | AE7: RESEÑA 1 - FOTOGRAFICA | AK7: RESEÑA 1 - FOTOGRAFICA | AQ7: RESEÑA 1 - FOTOGRAFICA | AW7: RESEÑA 1 - FOTOGRAFICA | BC7: RESEÑA 1 - FOTOGRAFICA
A9: INGENIERO RESIDENTE: | C9: CARLOS MARIO MORENO IDÁRRAGA | G9: INGENIERO RESIDENTE: | I9: CARLOS MARIO MORENO IDÁRRAGA | M9: INGENIERO RESIDENTE: | O9: CARLOS MARIO MORENO IDÁRRAGA | S9: INGENIERO RESIDENTE: | U9: CARLOS MARIO MORENO IDÁRRAGA | Y9: INGENIERO RESIDENTE: | AA9: CARLOS MARIO MORENO IDÁRRAGA | AE9: INGENIERO RESIDENTE: | AG9: CARLOS MARIO MORENO IDÁRRAGA | AK9: INGENIERO RESIDENTE: | AM9: CARLOS MARIO MORENO IDÁRRAGA | AQ9: INGENIERO RESIDENTE: | AS9: CARLOS MARIO MORENO IDÁRRAGA | AW9: INGENIERO RESIDENTE: | AY9: CARLOS MARIO MORENO IDÁRRAGA | BC9: INGENIERO RESIDENTE: | BE9: CARLOS MARIO MORENO IDÁRRAGA
A11: TRIMESTRE EVALUADO: JULIO - SEPTIEMBRE / 2020 | G11: =+A11 -> TRIMESTRE EVALUADO: JULIO - SEPTIEMBRE / 2020 | M11: =+G11 -> TRIMESTRE EVALUADO: JULIO - SEPTIEMBRE / 2020 | S11: =+M11 -> TRIMESTRE EVALUADO: JULIO - SEPTIEMBRE / 2020 | Y11: =+S11 -> TRIMESTRE EVALUADO: JULIO - SEPTIEMBRE / 2020 | AE11: =+Y11 -> TRIMESTRE EVALUADO: JULIO - SEPTIEMBRE / 2020 | AK11: =+AE11 -> TRIMESTRE EVALUADO: JULIO - SEPTIEMBRE / 2020 | AQ11: =+AK11 -> TRIMESTRE EVALUADO: JULIO - SEPTIEMBRE / 2020 | AW11: =+AQ11 -> TRIMESTRE EVALUADO: JULIO - SEPTIEMBRE / 2020 | BC11: =+AW11 -> TRIMESTRE EVALUADO: JULIO - SEPTIEMBRE / 2020
A23: LA UNION - SONSÓN. MUNICIPIO DE ABEJORRAL. PR79+0950. CIERRE TOTAL DE LA VIA POR DERRUMBE, ATENCION A LA EMERGENCIA | G23: LA UNION - SONSÓN. MUNICIPIO DE LA UNION. PR67+0600. EMERGENCIA POR PERDIDA DE SOPORTE DE LA BANCA. SITIO CRITICO | M23: =+G45 -> LA UNION - SONSÓN. MUNICIPIO DE LA UNION-ABEJORRAL. PR52+0400 AL 82+0300. RETIRO DE MULTIPLES Y ATENCION DE EMERGENCIA | S23: =+M45 -> LA UNION - SONSÓN. PR70+0000 AL PR101+000. BACHEO CON FRESADO A LO LARGO DEL TRAMO. | Y23: LA UNION - SONSÓN. MUNICIPIO DE ABEJORRAL . PR72+0900. EROSION POR FUERTES LLUVIAS, TRABAJOS DE MITIGACION POR PARTE DE LA MICROEMPRESA | AE23: LA UNION - SONSÓN. PR49+0000 AL PR103+0000. MUNICIPIO DE LA UNION. PR63+0260. TRABAJOS DE MITIGACION Y ANILLADA DE ALCANTARILLADO. | AK23: LA UNION - SONSÓN. PR49+0000 AL PR103+0000. MUNICIPIO DE LA UNION. PR59+0260. ACENTAMIENTO DE MURO Y EROSION DE SOPORTE DE CALZADA, MULTIPLES GRIETAS, SITIO CRITICO | AQ23: LA UNION - SONSÓN. PR49+0000 AL PR103+0000. MUNICIPIO DE LA UNION. PR59+0260. ACENTAMIENTO DE MURO Y EROSION DE SOPORTE DE CALZADA, MULTIPLES GRIETAS, SITIO CRITICO | AW23: LA UNION - SONSÓN. PR49+0000 AL PR103+0000. ROCERIA Y DESMONTE MANUAL A LO LARGO DEL TRAMO | BC23: =+AW45 -> LA UNION - SONSÓN. PR49+0000 AL PR103+0000. LIMPIEZA DE CUÑAS Y CUNETAS A LO LARGO DEL TRAMO
A34: =+A23 -> LA UNION - SONSÓN. MUNICIPIO DE ABEJORRAL. PR79+0950. CIERRE TOTAL DE LA VIA POR DERRUMBE, ATENCION A LA EMERGENCIA | G34: =+G23 -> LA UNION - SONSÓN. MUNICIPIO DE LA UNION. PR67+0600. EMERGENCIA POR PERDIDA DE SOPORTE DE LA BANCA. SITIO CRITICO | M34: =+M23 -> LA UNION - SONSÓN. MUNICIPIO DE LA UNION-ABEJORRAL. PR52+0400 AL 82+0300. RETIRO DE MULTIPLES Y ATENCION DE EMERGENCIA | S34: =+S23 -> LA UNION - SONSÓN. PR70+0000 AL PR101+000. BACHEO CON FRESADO A LO LARGO DEL TRAMO. | Y34: LA UNION - SONSÓN. MUNICIPIO DE ABEJORRAL . PR72+0900. MITIGACION TERMINADA POR PARTE DE LA MICROEMPRESA. | AE34: LA UNION - SONSÓN. PR49+0000 AL PR103+0000. MUNICIPIO DE SONSÓN. PR83+0020. EROSION SEVERA PUENTE CARTAGENA. | AK34: =+AK23 -> LA UNION - SONSÓN. PR49+0000 AL PR103+0000. MUNICIPIO DE LA UNION. PR59+0260. ACENTAMIENTO DE MURO Y EROSION DE SOPORTE DE CALZADA, MULTIPLES GRIETAS, SITIO CRITICO | AQ34: LA UNION - SONSÓN. PR49+0000 AL PR103+0000. MUNICIPIO DE SONSON. PR94+0260. EROSION DE DESCOLE Y SELLAMIENTO DE GRIETAS. | AW34: LA UNION - SONSÓN. PR49+0000 AL PR103+0000. LIMPIEZA DE ALCANTARILLAS, ENCOLES Y DESCOLES A LO LARGO DEL TRAMO. | BC34: LA UNION - SONSÓN. PR49+0000 AL PR103+0000. DESPEJE DE SEÑALES A LO LARGO DEL TRAMO.
A45: =+A34 -> LA UNION - SONSÓN. MUNICIPIO DE ABEJORRAL. PR79+0950. CIERRE TOTAL DE LA VIA POR DERRUMBE, ATENCION A LA EMERGENCIA | G45: LA UNION - SONSÓN. MUNICIPIO DE LA UNION-ABEJORRAL. PR52+0400 AL 82+0300. RETIRO DE MULTIPLES Y ATENCION DE EMERGENCIA | M45: LA UNION - SONSÓN. PR70+0000 AL PR101+000. BACHEO CON FRESADO A LO LARGO DEL TRAMO. | S45: LA UNION - SONSÓN. MUNICIPIO DE ABEJORRAL . PR72+0900. EROSION POR FUERTES LLUVIAS, CUNETA EN EL AIRE | Y45: LA UNION - SONSÓN. PR49+0000 AL PR103+0000. MUNICIPIO DE LA UNION. PR54+0300. TRABAJOS DE MITIGACION Y SELLAMIENTO DE GRIETAS POR PARTE DE LA MICROEMPRESA | AE45: =+AE34 -> LA UNION - SONSÓN. PR49+0000 AL PR103+0000. MUNICIPIO DE SONSÓN. PR83+0020. EROSION SEVERA PUENTE CARTAGENA. | AK45: LA UNION - SONSÓN. PR49+0000 AL PR103+0000. MUNICIPIO DE LA UNION. INMUNIZADA DE ESTACONES CON VARETA PARA CONSTRUCCION DE TRINCHOS | AQ45: =+AQ34 -> LA UNION - SONSÓN. PR49+0000 AL PR103+0000. MUNICIPIO DE SONSON. PR94+0260. EROSION DE DESCOLE Y SELLAMIENTO DE GRIETAS. | AW45: LA UNION - SONSÓN. PR49+0000 AL PR103+0000. LIMPIEZA DE CUÑAS Y CUNETAS A LO LARGO DEL TRAMO
A48: NOTA: Todas las fotografías deben estar identificadas arriba o abajo, indicando la vía, el sector, el PR, | G48: NOTA: Todas las fotografías deben estar identificadas arriba o abajo, indicando la vía, el sector, el PR, | M48: NOTA: Todas las fotografías deben estar identificadas arriba o abajo, indicando la vía, el sector, el PR, | S48: NOTA: Todas las fotografías deben estar identificadas arriba o abajo, indicando la vía, el sector, el PR, | Y48: NOTA: Todas las fotografías deben estar identificadas arriba o abajo, indicando la vía, el sector, el PR, | AE48: NOTA: Todas las fotografías deben estar identificadas arriba o abajo, indicando la vía, el sector, el PR, | AK48: NOTA: Todas las fotografías deben estar identificadas arriba o abajo, indicando la vía, el sector, el PR, | AQ48: NOTA: Todas las fotografías deben estar identificadas arriba o abajo, indicando la vía, el sector, el PR, | AW48: NOTA: Todas las fotografías deben estar identificadas arriba o abajo, indicando la vía, el sector, el PR, | BC48: NOTA: Todas las fotografías deben estar identificadas arriba o abajo, indicando la vía, el sector, el PR,
A49: la fecha impresa con el fechador de la cámara y la descripción de lo que se quiere resaltar. | G49: la fecha impresa con el fechador de la cámara y la descripción de lo que se quiere resaltar. | M49: la fecha impresa con el fechador de la cámara y la descripción de lo que se quiere resaltar. | S49: la fecha impresa con el fechador de la cámara y la descripción de lo que se quiere resaltar. | Y49: la fecha impresa con el fechador de la cámara y la descripción de lo que se quiere resaltar. | AE49: la fecha impresa con el fechador de la cámara y la descripción de lo que se quiere resaltar. | AK49: la fecha impresa con el fechador de la cámara y la descripción de lo que se quiere resaltar. | AQ49: la fecha impresa con el fechador de la cámara y la descripción de lo que se quiere resaltar. | AW49: la fecha impresa con el fechador de la cámara y la descripción de lo que se quiere resaltar. | BC49: la fecha impresa con el fechador de la cámara y la descripción de lo que se quiere resaltar.
A50: CUANDO SE REALICEN PARCHEOS SE TOMARAN FOTOS DEL ANTES Y DEL DESPUES | G50: CUANDO SE REALICEN PARCHEOS SE TOMARAN FOTOS DEL ANTES Y DEL DESPUES | M50: CUANDO SE REALICEN PARCHEOS SE TOMARAN FOTOS DEL ANTES Y DEL DESPUES | S50: CUANDO SE REALICEN PARCHEOS SE TOMARAN FOTOS DEL ANTES Y DEL DESPUES | Y50: CUANDO SE REALICEN PARCHEOS SE TOMARAN FOTOS DEL ANTES Y DEL DESPUES | AE50: CUANDO SE REALICEN PARCHEOS SE TOMARAN FOTOS DEL ANTES Y DEL DESPUES | AK50: CUANDO SE REALICEN PARCHEOS SE TOMARAN FOTOS DEL ANTES Y DEL DESPUES | AQ50: CUANDO SE REALICEN PARCHEOS SE TOMARAN FOTOS DEL ANTES Y DEL DESPUES | AW50: CUANDO SE REALICEN PARCHEOS SE TOMARAN FOTOS DEL ANTES Y DEL DESPUES | BC50: CUANDO SE REALICEN PARCHEOS SE TOMARAN FOTOS DEL ANTES Y DEL DESPUES
D52: VOLVER A TABLA DE CONTENIDO | J52: VOLVER A TABLA DE CONTENIDO | P52: VOLVER A TABLA DE CONTENIDO | V52: VOLVER A TABLA DE CONTENIDO | AB52: VOLVER A TABLA DE CONTENIDO | AH52: VOLVER A TABLA DE CONTENIDO | AN52: VOLVER A TABLA DE CONTENIDO | AT52: VOLVER A TABLA DE CONTENIDO | AZ52: VOLVER A TABLA DE CONTENIDO | BF52: VOLVER A TABLA DE CONTENIDO

Sheet PRENSA
A1: INSTITUTO NACIONAL DE VIAS | G1: INSTITUTO NACIONAL DE VIAS | M1: INSTITUTO NACIONAL DE VIAS
A3: DIRECCION TERRITORIAL ANTIOQUIA | G3: DIRECCION TERRITORIAL ANTIOQUIA | M3: DIRECCION TERRITORIAL ANTIOQUIA
A7: RESEÑA 2 - DE PRENSA | G7: RESEÑA 2 - DE PRENSA | M7: RESEÑA 2 - DE PRENSA
A9: INGENIERO RESIDENTE: | C9: CARLOS MARIO MORENO IDARRAGA | G9: INGENIERO RESIDENTE: | I9: CARLOS MARIO MORENO IDARRAGA | M9: INGENIERO RESIDENTE: | O9: CARLOS MARIO MORENO IDARRAGA
A11: TRIMESTRE EVALUADO: JULIO - SEPTIEMBRE 2020 | G11: =+A11 -> TRIMESTRE EVALUADO: JULIO - SEPTIEMBRE 2020 | M11: =+G11 -> TRIMESTRE EVALUADO: JULIO - SEPTIEMBRE 2020
A13: 1. MINUTO 30. 01 DE JULIO DE 2020 | G13: 2. PUBLICACION DEL INVIAS. 01 DE JULIO DE 2020 | M13: 3. MI ORIENTE. 01 DE JULIO DE 2020
A49: NOTA: Todos los artículos deben estar identificados, idicando la fecha de la publicación y medio periodístico | G49: NOTA: Todos los artículos deben estar identificados, idicando la fecha de la publicación y medio periodístico | M49: NOTA: Todos los artículos deben estar identificados, idicando la fecha de la publicación y medio periodístico
A50: Y SOLO AQUELLOS ARTICULOS QUE TRATEN DE LAS CARRETERAS A SU CARGO | G50: Y SOLO AQUELLOS ARTICULOS QUE TRATEN DE LAS CARRETERAS A SU CARGO | M50: Y SOLO AQUELLOS ARTICULOS QUE TRATEN DE LAS CARRETERAS A SU CARGO
D52: VOLVER A TABLA DE CONTENIDO | J52: VOLVER A TABLA DE CONTENIDO | P52: VOLVER A TABLA DE CONTENIDO

Sheet COMENTARIOS
A1: INSTITUTO NACIONAL DE VIAS | H1: INSTITUTO NACIONAL DE VIAS
A3: DIRECCION TERRITORIAL ANTIOQUIA | H3: DIRECCION TERRITORIAL ANTIOQUIA
A5: COMENTARIOS GENERALES | H5: COMENTARIOS GENERALES
A7: INGENIERO RESIDENTE: | D7: CARLOS MARIO MORENO IDÁRRAGA | H7: INGENIERO RESIDENTE: | K7: CARLOS MARIO MORENO IDÁRRAGA
A10: TRIMESTRE EVALUADO: JULIO - SEPTIEMBRE 2020 | H10: =+A10 -> TRIMESTRE EVALUADO: JULIO - SEPTIEMBRE 2020
A13: 1. La carretera a cargo de la administración de mantenimiento vial se encuentra en zona montañosa, inicia en el PR49+0000 ubicado en la entrada al casco urbano del municipio de la unión, aproximadamente a 2500 metros sobre el nivel del mar y finaliza en el PR103+0000 entrada al casco urbano del municipio de Sonsón, aproximadamente a 2500 metros sobre el nivel del mar. La administración vial está a cargo de ARA INGENIERIA S.A.S., contrato Nº 2461 de 2019, fecha de inicio 01 de enero de 2019 y terminación el 31 de julio de 2022, valor $1.276.845.362.00 | H13: 4. Se programaron semanalmente, coordinaron y evaluaron las actividades desarrolladas por la microempresa a cargo de la vía para su mantenimiento rutinario. El contrato se viene ejecutando con normalidad, priorizando para este período la remoción de cuñas, limpieza de calzada, limpieza de cunetas y rocería. Se realizó trabajos de reparacion con concreto ciclopeo en el Pr72+0900, 54+0300, 59+0260, 94+0290, 63+0260, 85+0300, donde se presentó una erosion, pandeando levemente el muro daño de alcantarillas. El contrato principal No. 2196 de 2019 con fecha de terminación del contrato es el día 31 de julio de 2022. | Q13: 1 | R13: LA CARRETERA A CARGO DE LA ADMINISTRACIÓN DE MANTENIMIENTO VIAL SE ENCUENTRA EN ZONA MONTAÑOSA, INICIA EN EL PR 49+0000 UBICADO EN LA ENTRADA AL CASCO URBANO DEL MUNICIPIO DE LA UNIÓN, APROXIMADAMENTE A 2500 METROS SOBRE EL NIVEL DEL MAR Y FINALIZA EN EL PR 103+000 ENTRADA AL CASCO URBANO DEL MUNICIPIO DE SONSÓN, APROXIMADAMENTE A 2500 METROS SOBRE EL NIVEL DEL MAR. LA ADMINISTRACIÓN VIAL ESTÁ A CARGO DEL CONSORCIO ADMINISTRADORES CB, CONTRATO Nº 1107 DE 2019, FECHA DE INICIO 10 DE JUNIO DE 2019 Y TERMINACIÓN EL 09 DE DICIEMBRE DE 2019, VALOR $ 213.506.706,00
Q14: 2 | R14: SE RECOLECTÓ, DIGITÓ Y REPORTÓ LA INFORMACIÓN RELACIONADA CON LA ACCIDENTALIDAD DE LOS MESES DE JUNIO, JULIO, AGOSTO Y SEPTIEMBRE DE 2019, SEGÚN METODOLOGÍA INDICADA. DURANTE EL PERÍODO EVALUADO NO SE PRESENTARON ACCIDENTES CON VICTIMAS MORTALES.
Q15: 3 | R15: LA VÍA SE ENCUENTRA PAVIMENTADA DE ESTÁ MANERA: PAVIMENTO EN CONCRETO ASFÁLTICO DESDE EL PR 49+0000 AL PR 49+0885 PASO NACIONAL POR MUNICIPIO DE LA UNIÓN, PAVIMENTO EN CONCRETO HIDRÁULICO DESDE EL PR 49+0885 HASTA EL PR 68+0613, PAVIMENTO EN CONCRETO ASFÁLTICO DESDE EL PR 68+0613 AL PR 71+0323, PAVIMENTO EN CONCRETO HIDRÁULICO DESDE EL PR 71+0323 AL PR 72+0720 Y PAVIMENTO EN CONCRETO ASFÁLTICO DESDE EL PR 72+0720 HASTA EL PR 103+0000 FINAL DE TRAMO A CARGO DE LA ADMINISTRACIÓN VIAL EN LA ENTRADA AL MUNICIPIO DE SONSÓN. LAS LLUVIAS DURANTE EL TRIMESTRE EVALUADO Y EL PASO DE VEHÍCULOS PESADOS (VOLQUETAS DOBLETROQUE) CONTINÚAN ACELERANDO EL DETERIORO ENTRE EL PR69+0600 Y PR71+0323 Y ENTRE LOS PR85+0130 Y PR103+000. EL PR85+000, LUGAR DONDE SE INSTALÓ GEOMANTO PERMANENTE Y SE CONSTRUYÓ MURO EN GAVIONES DE PATA SE ENCUENTRA ESTABLE. EL PR85+660; SITIO CRÍTICO POR ASENTAMIENTO EN LA BANCA, SE MANTIENEN ESTABLE Y RENIVELADOS. EL SECTOR ENTRE PR´S 91+840 Y 92+020, (ASENTAMIENTO DE TODA LA BANCA POR UN MOVIMIENTO LENTO MASIVO) CONTINÚA SU EVOLUCIÓN DE FORMA LENTA, SE OBSERVA ASENTAMIENTO LEVE DE LAS ZONAS RENIVELADAS, LOS DISPOSITIVOS DE SEÑALIZACIÓN USADOS PARA DISMINUIR LA VELOCIDAD PERMANECEN EN BUEN ESTADO. EN EL SECTOR ENTRE PR94+810 Y PR94+860, LUGAR DE ASENTAMIENTO QUE SE ENCONTRABA ESTABLE, CONTINÚA EL MOVIMIENTO DE FORMA LENTA Y EL ESCALONAMIENTO EN SECTORES DE ACCESO Y SALIDA DEL MOVIMIENTO ES MAS NOTORIO; HAY SEÑALIZACIÓN ADECUADA Y SE MONITOREA PERMANENTEMENTE. LOS SECTORES CON PAVIMENTO RÍGIDO (PR49+0885 A PR72+0720), CONTINÚA EL AUMENTO EN GRIETAS, DESPRENDIMIENTOS Y ALGUNOS ASENTAMIENTOS. LA DEMARCACIÓN DE LA VÍA CONTINUA SU DETERIORO Y SE REQUIERE CON URGENCIA LA ASIGNACIÓN DE RECURSOS SUFICIENTES PARA BRINDAR SEGURIDAD DE LOS USUARIOS EN ESTE ASPECTO Y LA DEFENSA DEL INVÍAS POR POSIBLES RECLAMACIONES.
Q16: 4 | R16: SE PROGRAMARON SEMANALMENTE, COORDINARON Y EVALUARON LAS ACTIVIDADES DESARROLLADAS POR LA MICROEMPRESA A CARGO DE LA VÍA PARA SU MANTENIMIENTO RUTINARIO. EL CONTRATO SE VIENE EJECUTANDO CON NORMALIDAD, PRIORIZANDO PARA ESTE PERÍODO LA REMOCIÓN DE CUÑAS, LIMPIEZA DE CALZADA Y ROCERÍA. EL CONTRATO PRINCIPAL No. 995 DE 2019 CON FECHA DE TERMINACIÓN DEL CONTRATO ES EL DÍA 30 DE NOVIEMBRE DE 2019.
Q17: 5 | R17: SE REALIZA INTERVENTORÍA AL CONTRATO 1377 DE 2019, CUYO OBJETO "CONSTRUCCIÓN DE OBRAS Y SEÑALIZACIÓN PARA LA SEGURIDAD VIAL EN VÍAS A CARGO DEL INVÍAS EN LA DIRECCIÓN TERRITORIAL ANTIOQUIA" SE CONSTRUYERON ANDENES, COLOCACIÓN DE DEFENSAS Y Y MARCAS VIALES.
Q18: 6 | R18: SE DA ORDEN DE INICIO AL CONTRATO1704-2019SUMINISTRO DE MEZCLA ASFÁLTICA DENSA EN CALIENTE PARA LA VÍA 5601 LA UNIÓN - SONSÓN, SECTOR PR 49+0000 AL PR 103+0000, DEPARTAMENTO DE ANTIOQUIA. PERO NO SE INICIAN LOS TRABAJOS DE BACHEO EN ESTE PERÍODO.
A20: 2. Se recolectó, digitó y reportó la información relacionada con la accidentalidad de los meses de JUNIO Y JULIO de 2020, el mes de Agosto no se recopilo la información por la demora en las diligencias de la administraciones municipales. Durante el período evaluado no se presentaron accidentes con víctimas mortales. | H20: 5. De acuendo a la la Circular Externa 003 Por medio de la cual se disponen las medidas adoptadas por el Instituto Nacional de Vías – INVIAS para el reconocimiento de los costos que se deriven de la implementación de los Protocolos de Bioseguridad en los contratos de Obra, Interventoría, Administración Vial, Microempresas, Convenios Interadministrativos y Consultoría durante la emergencia sanitaria decretada por el Gobierno Nacional y se dictan otras disposiciones del Covic 19. La microempresa Vias de Oriente se encuentra laborando todos sus trabajadores entre los respentando los distanciamientos sociales y las desinfecciones de trabajos y vehiculos, las tomas de temperaturas constantes.
A25: 3. La vía se encuentra pavimentada de esta manera: pavimento en concreto asfáltico desde el PR49+0000 al PR49+0885 paso nacional por municipio de La Unión, pavimento en concreto hidráulico desde el PR49+0885 hasta el PR68+0613, pavimento en concreto asfáltico desde el PR68+0613 al PR71+0323, pavimento en concreto hidráulico desde el PR71+0323 al PR72+0720 y pavimento en concreto asfáltico desde el PR72+0720 hasta el PR103+0000 final de tramo a cargo de la administración vial en la entrada al municipio de Sonsón. Las lluvias durante el trimestre evaluado y el paso de vehículos pesados (volquetas dobletroque) continúan acelerando el deterioro entre el PR69+0600 y PR71+0323 y entre los PR85+0130 y PR103+0000, por lo que la microempresa ha estado realizando trabajos de bacheo con material de fresado y agregados con arena. En el Pr84+0950 se presento una leve erosion, la Administracion Vial y la Microempresa esta en constante monitoreo. El PR85+660; sitio crítico por asentamiento en la banca, se mantienen estable y renivelados. El sector entre PR91+0840 y PR92+0020, (asentamiento de toda la banca por un movimiento lento masivo) continúa su evolución de forma lenta, se observa asentamiento leve de las zonas reniveladas y la formacion de baches, los dispositivos de señalización usados para disminuir la velocidad permanecen en buen estado. en el Pr94+0260, se esta presentando una erosion severa en el descole de alrededor de 100 m de m largo por lo que se ve una afectacion de grietas en la margen de la calzada y un cultivo, se mantiene en monitorio y se espera atencion del mismo en el Mes de Octubre de 2020. En el sector entre PR94+0810 y PR94+0860, lugar de asentamiento que se encontraba estable, continúa el movimiento de forma lenta y el escalonamiento en sectores de acceso y salida del movimiento es más notorio; hay señalización adecuada y se monitorea permanentemente. En el Pr95+0860 se esta presentando una reactivacion del Sitio Critico, con un bache en el centro de la calzada, los microempresarios estan en constante relleno y se mantiene los monitoreos en el lugar. Los sectores con pavimento rígido (PR49+0885 a PR72+0720), continúa el aumento en grietas, desprendimientos y algunos asentamientos. La demarcación horizontal de la vía continua su deterioro y se requiere con urgencia la asignación de recursos suficientes para brindar seguridad de los usuarios en este aspecto y la defensa del INVIAS por posibles reclamaciones. | H25: 6. Por la temporada invernal de los meses de Julio, Agosto y mediado de Septiembre se presentaron varios daños en la severos en la calzada: PR59+0260, se presento asentamiento severo de muro, cunetas, grietas en disipador y alcantarillado, grietas en el la corona de talud y perdida de soporte de la banca; los microemprearios realizaron trabajos de mitigacion, captura de aguas y señalizacion. PR67+0660. Se presento daños severo de filtro, perdida de soporte de la banca, la microempresa realizaron trabajos de señalizacion del lugar.
F49: VOLVER A TABLA DE CONTENIDO | M49: VOLVER A TABLA DE CONTENIDO

Sheet CAPACITACION T.M. RUTINARIO
A1: INSTITUTO NACIONAL DE VIAS
A3: DIRECCION TERRITORIAL ANTIOQUIA
A5: CAPACITACION TRABAJADORES DE MANTENIMIENTO RUTINARIO
A7: INGENIERO RESIDENTE: | D7: CARLOS MARIO MORENO IDÁRRAGA
A10: TRIMESTRE EVALUADO: JULIO-SEPTIEMBRE / 2020
D44: LISTADO DE ASISTENCIA
D82: REGISTRO FOTOGRÁFICO
D155: LISTADO DE ASISTENCIA
D187: REGISTRO FOTOGRÁFICO
D293: LISTADO DE ASISTENCIA
D325: REGISTRO FOTOGRÁFICO
F363: VOLVER A TABLA DE CONTENIDO

Sheet Hoja1
